Cogmind - Beta 15 @@@ ROGUE MODE // 2025.05.11 @ 22:39:08 Player: szymekc Result: Destroyed by B-99 Colossus with Multirail Performance ------------- Evolutions (9) 4500 Regions Visited (38) 7600 Robots Destroyed (486) 2430 Value Destroyed (22547) 22547 Prototype IDs (187) 3740 Alien Tech Used (7) 1400 Bonus (19047) 19047 TOTAL SCORE: 61264 Bonus ------- High Alert Combat Kills 3968 Follower Combat Kills 1032 Network Hubs Disabled 400 Met Data Miner 300 Met Zhirov 300 Met Warlord at Base 500 MAIN.C Attacked Warlord 500 Warlord Defense Kills 4002 Built Enhanced Grunts 300 A7 Reached Mainframe 300 Met R17 at Cetus 500 Met R17 at Research 2000 Met Warlord at Research 2000 Invited to Help at Command 2000 Destroyed MAIN.C Guards 500 Met Warlord at Command 2000 Friendly Fire -1555 Cogmind --------- Core Integrity 0/1600 Matter 300/300 Energy 99/100 System Corruption 37% Temperature Cool (0) Movement Core (50) Location -1/Command Parts ------- > --- POWER (3) -------- (None) > --- PROPULSION (9) --- (None) > --- UTILITY (10) ----- 2N-1CE's Frost Array Experimental Core Analyzer > --- WEAPON (4) ------- (None) > --- INVENTORY (5) ---- Micro Antimatter Reactor Enhanced Nova Cannon Advanced Remote Datajack Advanced Remote Datajack Peak State ------------ > --- POWER ------------ Light Particle Reactor Light Quantum Reactor Light Quantum Reactor > --- PROPULSION ------- Biometal Heavy Treads Advanced Heavy Siege Treads Improved Antigrav System Improved Linear Gravjet Experimental Gyrokinetic Inverter Combat Linear Gravjet Concept Gyrokinetic System > --- UTILITY ---------- Concept Antigrav Storage Unit Experimental Core Analyzer Femtoactuators Concept RG22 Armor Concept RG22 Armor Graphene Brace Improved Point Defense System Concept Network Penetrator Concept Navigation Harness > --- WEAPON ----------- Concept Heavy Railcannon Concept Heavy Railcannon > --- INVENTORY -------- Light Particle Reactor Quantum Reactor Centrium Leg Centrium Leg 2N-1CE's Frost Array Concept Chromion Battery Concept NT7 Matterbank Heavy Servo Lattice Advanced Weapon Cycler Concept Beam Splitter Experimental EM Disruption Field Concept Energy Mantle Subatomic Replicator Vortex Shotgun Vortex Shotgun Compact HERF Cannon Enhanced Nova Cannon Concept Miniperforator Concept Helical Railcannon Concept Rapid Grenade Launcher Advanced Remote Datajack Nanosword Nanosword Nanosword [Rating: 295] Favorites ----------- Power Fission Core Engine Ion Engine Power Core Fission Core Reactor Vortex Chain Reactor Propulsion Cooled Antigrav System Treads Light Treads Leg Biometal Leg Hover Unit Cooled Antigrav System Flight Unit Improved VTOL Module Utility Experimental Sensor Array Device Experimental Sensor Array Storage Large Storage Unit Processor Advanced Signal Interpreter Hackware Hacking Suite Protection Centrium Medium Armor Plating Weapon Plasma Sword Energy Gun Improved EM Shotgun Energy Cannon Beam Cannon Ballistic Gun Helical Railgun Ballistic Cannon Concept Heavy Railcannon Launcher Concept Rapid Grenade Launcher Special Weapon Advanced Remote Datajack Impact Weapon Shock Maul Slashing Weapon Plasma Sword Piercing Weapon Experimental Jetlance Special Melee Weapon Advanced Datajack Build | -11 -10 -10 -9 -9 -8 -7 -7 -7 -7 -7 -7 -6 -6 -6 -6 -6 -6 -5 -5 -5 -5 -5 -5 -4 -4 -4 -4 -4 -4 -4 -3 -3 -3 -2 -2 -2 -1 -1 ------- Run | Yrd Mat Min Mat Min Mat Fac Was Fac Low Low Dat Pro Fac Ext Cet Arc Hub Fac Was Fac Upp Upp Zhi Pro Fac Was Fac Upp Upp War Pro Res Qua Res Tes Frg Acc Com Slots Evolved 18 | . . . 2 . 2 2 . . . . . . 2 . . . . 2 . . . . . . 2 . . . . . . 2 . 2 . . 2 . Power 1 | . . . . . . . . . . . . . . . . . . . . . . . . . 1 . . . . . . . . . . . . . Propulsion 7 | . . . 1 . 1 1 . . . . . . . . . . . 1 . . . . . . 1 . . . . . . 1 . . . . 1 . Utility 8 | . . . 1 . 1 1 . . . . . . 2 . . . . 1 . . . . . . . . . . . . . . . 2 . . . . Weapon 2 | . . . . . . . . . . . . . . . . . . . . . . . . . . . . . . . . 1 . . . . 1 . Parts Attached 356 | 7 9 1 19 . 19 12 4 12 1 . . . 18 1 10 8 1 15 . 10 . 1 1 . 12 3 13 3 1 22 . 17 10 14 14 44 20 34 Power 52 | 1 2 1 1 . . 1 . 2 . . . . 1 . 1 1 . 2 . 2 . 1 . . 3 . 3 2 . 2 . 1 2 2 1 6 4 10 Engine 12 | 1 2 . 1 . . 1 . 1 . . . . . . . . . 1 . 2 . . . . 1 . . . . . . . . . . . . 2 Core 8 | . . 1 . . . . . 1 . . . . 1 . . . . 1 . . . 1 . . . . 1 1 . . . . . . . 1 . . Reactor 32 | . . . . . . . . . . . . . . . 1 1 . . . . . . . . 2 . 2 1 . 2 . 1 2 2 1 5 4 8 Propulsion 92 | 2 . . 9 . 8 4 . . . . . . 6 . 2 . . 3 . 1 . . . . 4 2 2 . . 3 . 4 4 3 3 10 7 15 Treads 26 | 2 . . 9 . 7 . . . . . . . . . 2 . . . . . . . . . . . . . . . . 1 . . . . . 5 Leg 6 | . . . . . . . . . . . . . . . . . . . . . . . . . . . . . . . . . . . . . 5 1 Wheel . | . . . . . . . . . . . . . . . . . . . . . . . . . . . . . . . . . . . . . . . Hover 41 | . . . . . . . . . . . . . . . . . . . . . . . . . 3 2 2 . . 3 . 3 4 3 3 10 2 6 Flight 19 | . . . . . 1 4 . . . . . . 6 . . . . 3 . 1 . . . . 1 . . . . . . . . . . . . 3 Utility 135 | 2 3 . 3 . 5 5 2 8 1 . . . 9 1 3 4 1 9 . 6 . . 1 . 4 . 7 1 1 11 . 7 3 6 6 19 4 3 Device 62 | 2 1 . 1 . 2 3 . 3 1 . . . 2 1 1 3 . 2 . 2 . . 1 . 1 . 3 . 1 6 . 4 1 4 5 9 1 2 Storage 13 | . 1 . 1 . 1 1 . . . . . . . . 1 . . 1 . . . . . . . . 1 . . . . 1 . 1 1 2 . 1 Processor 19 | . . . . . . 1 . 2 . . . . 4 . . . . . . 1 . . . . 1 . 1 . . 2 . 1 2 1 . 2 1 . Hackware 15 | . . . 1 . . . . 1 . . . . 1 . . . . 6 . 2 . . . . . . 1 . . 1 . . . . . 1 1 . Protection 26 | . 1 . . . 2 . 2 2 . . . . 2 . 1 1 1 . . 1 . . . . 2 . 1 1 . 2 . 1 . . . 5 1 . Artifact . | . . . . . . . . . . . . . . . . . . . . . . . . . . . . . . . . . . . . . . . Weapon 77 | 2 4 . 6 . 6 2 2 2 . . . . 2 . 4 3 . 1 . 1 . . . . 1 1 1 . . 6 . 5 1 3 4 9 5 6 Energy Gun 12 | . 1 . 5 . 1 . . . . . . . . . 1 . . . . . . . . . . . . . . 3 . . . . 1 . . . Energy Cannon 17 | . 2 . . . 3 . . 1 . . . . 1 . . . . . . . . . . . . . 1 . . 1 . 4 . 1 1 1 . 1 Ballistic Gun 11 | 2 . . . . . . 1 1 . . . . . . 2 3 . . . . . . . . . . . . . 2 . . . . . . . . Ballistic Cannon 6 | . . . . . . . . . . . . . . . . . . . . . . . . . . . . . . . . 1 . . 1 4 . . Launcher 7 | . . . . . 2 . . . . . . . 1 . . . . . . . . . . . . 1 . . . . . . . 1 . 1 1 . Special Weapon 4 | . 1 . . . . . . . . . . . . . . . . . . . . . . . . . . . . . . . . 1 . . . 2 Impact Weapon 4 | . . . . . . 2 . . . . . . . . . . . . . 1 . . . . 1 . . . . . . . . . . . . . Slashing Weapon 14 | . . . 1 . . . 1 . . . . . . . 1 . . 1 . . . . . . . . . . . . . . 1 . 1 2 4 2 Piercing Weapon 1 | . . . . . . . . . . . . . . . . . . . . . . . . . . . . . . . . . . . . 1 . . Special Melee Weapon 1 | . . . . . . . . . . . . . . . . . . . . . . . . . . . . . . . . . . . . . . 1 Unidentified Prototypes 65 | . . . 1 . 1 2 1 2 . . . . 3 . 4 . . 1 . 2 . . 2 . . . 1 1 . 10 . 2 5 5 8 12 . 2 Corrupted Parts 5 | . . . . . . . . . . . . . . . . 3 . . . . . . . . . . . . . . . . . 1 . 1 . . System Corruption 33 | . . . . . . . . . . . . . . . . 15 . . . . . . . . . . . . . . . . . 10 . 8 . . Parts Lost 99 | . 2 . 1 . 13 . . . . . . . . . . . 3 2 . . . . . 2 . . . . . 2 . . 1 . . 25 14 34 Power 18 | . 1 . . . 1 . . . . . . . . . . . 1 . . . . . . 1 . . . . . . . . . . . 4 4 6 Propulsion 40 | . . . . . 6 . . . . . . . . . . . 1 1 . . . . . 1 . . . . . 1 . . . . . 7 7 16 Utility 27 | . 1 . 1 . 3 . . . . . . . . . . . . 1 . . . . . . . . . . . . . . 1 . . 11 1 8 Weapon 14 | . . . . . 3 . . . . . . . . . . . 1 . . . . . . . . . . . . 1 . . . . . 3 2 4 Highest Loss Streak 19 | . 1 . 1 . 8 . . . . . . . . . . . 3 1 . . . . . 2 . . . . . 2 . . 1 . . 6 9 19 To Critical Strikes 1 | . . . . . . . . . . . . . . . . . . . . . . . . . . . . . . . . . . . . . . 1 Average Backups 11 | 1 5 8 9 11 17 9 9 5 5 5 4 5 4 4 16 19 19 5 9 9 10 10 10 10 10 10 10 13 15 14 15 14 14 14 14 15 22 10 Power . | . . . . . . . . . . . . . . . 1 1 1 . . . . . . . . . . . . . . . . . 1 . . . Propulsion 1 | . 1 2 2 4 7 1 . . . . . . . . 4 5 5 . . . 1 . . . . . . . . . . . . . . . . 1 Utility 4 | . 1 1 2 3 4 4 5 3 3 3 2 3 3 3 5 6 8 3 6 6 5 6 5 5 4 6 6 9 11 8 8 7 7 5 4 5 9 3 Weapon 3 | . 3 4 4 4 5 3 3 2 2 2 1 2 1 1 4 6 5 1 3 2 3 3 3 3 2 2 2 2 2 4 5 4 4 4 4 6 10 4 Tool/Special . | . . . . . . . . . . . . . . . . . . . . . . . . . . . . . . . . . . . . . . . Unused Backups 59 | 1 4 3 5 . 4 1 1 4 . . . . 1 2 . . . . . 3 . . 2 . 1 . . 1 . 3 . 5 3 2 2 1 . 10 Power 9 | 1 1 . . . . 1 . . . . . . . . . . . . . . . . . . . . . . . . . 2 1 1 . . . 2 Propulsion 7 | . 1 . . . 4 . 1 . . . . . . . . . . . . . . . . . . . . . . . . . . . . . . 1 Utility 21 | . 2 1 . . . . . 3 . . . . . . . . . . . 2 . . 2 . 1 . . 1 . 3 . 2 1 . 2 . . 1 Weapon 19 | . . 2 5 . . . . 1 . . . . 1 2 . . . . . 1 . . . . . . . . . . . 1 . . . 1 . 5 Tool/Special 3 | . . . . . . . . . . . . . . . . . . . . . . . . . . . . . . . . . 1 1 . . . 1 Average Slot Usage (%) 89 | . 98 100 94 100 85 70 84 98 100 100 100 100 92 93 80 77 79 90 94 93 94 94 94 89 74 95 92 94 95 90 90 87 89 90 91 88 73 55 Engine 2 | . 13 13 4 . . 6 7 . . . . . . . . . . 4 . 4 5 1 . . 9 10 2 . . . . . . . . . . . Core 3 | . . . 6 11 8 . . 6 7 7 7 7 6 6 1 . . . 5 . . 3 5 3 . . 2 7 5 2 . . . . . 2 . . Reactor 3 | . . . . . . . . . . . . . . . 4 6 5 . . . . . . . . . 5 5 10 8 10 9 9 8 8 7 7 7 Treads 10 | . 27 28 33 33 35 . . . . . . . . . 11 13 13 . . . . . . . . . . . . . . . . . . . . 3 Hover 9 | . . . . . . . . . . . . . . . . . . . . . . . . . 5 17 26 30 30 30 30 28 33 33 33 29 15 13 Flight 9 | . . . . . . 34 38 38 38 38 38 38 32 33 3 . . 27 29 29 29 29 29 28 17 14 3 . . . . . . . . . . 1 Device 14 | . 18 14 9 11 7 6 7 16 23 23 23 23 20 20 13 13 11 13 17 11 11 11 11 10 6 5 5 5 5 10 15 12 17 26 29 24 15 7 Storage 5 | . 5 14 11 11 9 7 7 . . . . . . . 5 6 6 . 5 5 5 5 5 5 5 5 4 5 5 5 5 4 4 4 4 4 3 2 Processor 9 | . . . . . . 1 7 11 7 7 7 7 17 20 20 20 20 15 11 16 17 17 17 17 18 21 20 20 20 14 10 12 12 10 8 9 4 3 Hackware 2 | . . . 6 11 1 . . . . . . . . . . . . 9 5 2 . . . . . . 1 . . 3 5 4 . . . . 2 1 Protection 3 | . 2 . . . 5 . . 6 7 7 7 7 6 6 6 4 7 4 5 7 11 11 11 10 5 10 8 9 10 6 5 1 . . . . 5 2 Energy Gun 2 | . 2 . 20 20 1 . . . . . . . . . 4 . . . . . . . . . . . . . . 2 . . . . . . . . Energy Cannon 4 | . 18 28 . . 15 1 . . . . . . . . . . . . . . . . . . . . . . . . 4 4 7 3 . . . 1 Ballistic Gun 1 | . 6 . . . . . 3 6 7 7 7 6 . . 4 8 12 . . . . . . . . . . . . 4 5 7 . . . . . . Slashing Weapon 3 | . . . . 1 . . 6 7 7 7 7 7 6 6 1 2 . 8 11 11 11 11 11 10 4 3 5 5 5 1 . . 2 4 7 4 7 4 Peak Build Rating 295 | 9 12 15 28 29 35 49 46 62 60 60 60 62 77 76 110 110 111 105 98 102 101 101 103 103 106 113 126 135 135 171 171 191 205 225 235 270 281 295 Average Rating 100 | 6 9 11 21 28 30 34 42 57 59 60 59 60 71 75 102 105 110 94 98 98 100 101 101 100 78 109 117 131 134 154 169 186 196 219 228 234 251 168 On Entrance 99 | . 9 10 12 28 29 18 39 41 60 60 60 60 60 76 75 110 109 83 98 98 100 101 101 103 61 106 113 126 135 135 171 169 184 205 223 232 258 230 Naked Turns . | . . . . . . . . . . . . . . . . . . . . . . . . . . . . . . . . . . . . . . . Heaviest Build 133 | 10 22 27 37 37 116 25 33 25 25 25 25 25 30 30 81 81 87 35 35 37 36 36 34 34 24 30 64 74 69 98 87 116 116 110 108 114 120 133 Greatest Support 180 | 40 40 40 69 69 89 25 25 25 25 25 25 25 33 33 160 160 160 37 37 37 37 37 37 37 25 66 89 89 89 92 91 118 118 142 110 134 140 180 Greatest Overweight (x) 22 | . . . . . 4 . 1 1 . . . . 1 . 11 . 22 . . . . . . . . . 1 . . 1 . 1 1 1 . 1 2 5 Average Overweight (x) . | . . . . . . . . . . . . . . . . . . . . . . . . . . . . . . . . . . . . . . . Largest Inventory Capacity 25 | 5 10 10 15 15 25 25 10 10 5 5 5 5 5 5 20 20 20 20 10 10 10 10 10 10 10 10 15 15 15 15 15 15 15 15 15 25 25 25 Average Capacity 12 | 5 7 10 12 15 22 10 10 5 5 5 5 5 5 5 18 20 20 5 10 10 10 10 10 10 10 10 10 15 15 15 15 15 15 15 15 17 25 12 Most Carried 25 | 3 9 10 12 13 25 22 10 10 5 5 5 5 5 5 20 20 20 19 10 10 10 10 10 10 10 10 15 15 15 15 15 15 15 15 15 25 25 25 Average Carried 11 | 1 5 9 10 12 18 9 9 5 5 5 4 5 4 4 16 19 19 5 10 9 9 10 9 10 9 10 10 14 15 14 15 14 14 14 14 16 24 11 Final Capacity 25 | 5 10 10 15 15 25 10 10 5 5 5 5 5 5 5 20 20 20 10 10 10 10 10 10 10 10 10 15 15 15 15 15 15 15 15 15 25 25 5 Final Carried 25 | 2 9 10 12 13 21 9 10 5 5 5 5 5 4 5 20 20 19 10 10 10 10 10 10 10 10 10 15 15 15 15 15 14 15 15 15 25 25 4 Class Distribution -------------------- 25% | Mutant 21% | Sprinter 18% | Scavenger-Mutant 8% | Scavenger-Sprinter 5% | Gladiator 4% | Infiltrator-Sprinter 4% | Hacker-Sprinter Dominant Class ---------------- Mutant | -10/Materials Mutant | -10/Mines Scavenger-Mutant | -9/Materials Mutant | -9/Mines Scavenger-Mutant | -8/Materials Sprinter | -7/Factory Sprinter | -7/Waste Sprinter | -7/Factory Sprinter | -7/Lower Caves Sprinter | -7/Lower Caves Sprinter | -7/Data Miner Sprinter | -6/Proximity Caves Sprinter | -6/Factory Sprinter | -6/Extension Scavenger-Mutant | -6/Cetus Scavenger-Mutant | -6/Archives Scavenger-Mutant | -6/Hub_04(d) Hacker-Sprinter | -5/Factory Sprinter | -5/Waste Sprinter | -5/Factory Sprinter | -5/Upper Caves Sprinter | -5/Upper Caves Sprinter | -5/Zhirov Sprinter | -4/Proximity Caves Scout | -4/Factory Scout | -4/Waste Gladiator | -4/Factory Scavenger-Gladiator | -4/Upper Caves Gladiator | -4/Upper Caves Scavenger-Mutant | -4/Warlord Scavenger-Mutant | -3/Proximity Caves Scavenger-Scout | -3/Research Sprinter | -3/Quarantine Infiltrator-Sprinter | -2/Research Scavenger-Sprinter | -2/Testing Scavenger-Sprinter | -2/Protoforge Hacker-Gladiator | -1/Access Mutant | -1/Command Resources | -11 -10 -10 -9 -9 -8 -7 -7 -7 -7 -7 -7 -6 -6 -6 -6 -6 -6 -5 -5 -5 -5 -5 -5 -4 -4 -4 -4 -4 -4 -4 -3 -3 -3 -2 -2 -2 -1 -1 ----------- Run | Yrd Mat Min Mat Min Mat Fac Was Fac Low Low Dat Pro Fac Ext Cet Arc Hub Fac Was Fac Upp Upp Zhi Pro Fac Was Fac Upp Upp War Pro Res Qua Res Tes Frg Acc Com Matter Collected 10973 | 283 233 20 187 10 260 121 64 213 40 . . 42 218 20 174 168 28 526 . 230 35 10 . 40 150 . 463 135 123 1045 . 572 285 868 270 2153 247 1740 Remotely . | . . . . . . . . . . . . . . . . . . . . . . . . . . . . . . . . . . . . . . . Salvage Created 24658 | 206 716 154 987 124 1683 154 . 596 249 169 . 81 985 1554 327 408 96 1133 . 1544 80 73 . 72 . . 981 92 71 1421 . 668 292 1463 1260 4647 1232 1140 Parts 1179 | 16 34 6 70 14 100 2 . 31 10 . . 5 54 66 13 26 4 57 . 77 1 . . 2 . . 52 5 1 68 . 33 15 49 55 211 47 55 Haulers Intercepted 35 | . 2 . 5 . 5 1 . 4 . . . . 4 1 . . . 1 . 3 . . . . . . 3 . . . . 2 . 2 1 . 1 . Recyclers Shooed 10 | 1 1 . 3 . . . . . . . . . . . . . . . . . . . . . . . . . . . . 4 . . . . . 1 Parts Field Recycled . | . . . . . . . . . . . . . . . . . . . . . . . . . . . . . . . . . . . . . . . Retrieved Matter . | . . . . . . . . . . . . . . . . . . . . . . . . . . . . . . . . . . . . . . . Parts Self-Destructed 42 | . . . . . . . . . 10 8 . 5 . . . . . . . . 1 . . 2 . . . 15 1 . . . . . . . . . Prevented 4 | . . . . . . . . . 3 . . . . . . . . . . . . . . . . . . . 1 . . . . . . . . . Kills | -11 -10 -10 -9 -9 -8 -7 -7 -7 -7 -7 -7 -6 -6 -6 -6 -6 -6 -5 -5 -5 -5 -5 -5 -4 -4 -4 -4 -4 -4 -4 -3 -3 -3 -2 -2 -2 -1 -1 ------- Run | Yrd Mat Min Mat Min Mat Fac Was Fac Low Low Dat Pro Fac Ext Cet Arc Hub Fac Was Fac Upp Upp Zhi Pro Fac Was Fac Upp Upp War Pro Res Qua Res Tes Frg Acc Com Combat Hostiles Destroyed 341 | . 14 6 23 8 28 . . 2 4 . . 3 7 21 4 1 2 6 . 16 . . . . . . 8 2 1 35 . 4 4 19 8 84 17 14 Melee 139 | . . . . . 1 . . 2 4 . . 3 7 21 2 . . 6 . 16 . . . . . . 8 . 1 . . . . . 8 44 10 6 Guns 63 | . 5 . 22 8 1 . . . . . . . . . 2 1 2 . . . . . . . . . . . . 22 . . . . . . . . Cannons 54 | . 8 6 . . 19 . . . . . . . . . . . . . . . . . . . . . . 1 . 1 . 2 2 7 . 4 1 3 AOE 68 | . . . 1 . 5 . . . . . . . . . . . . . . . . . . . . . . 1 . 12 . . . 11 . 29 5 4 Classes Destroyed 32 | 3 3 2 3 . 3 . . . 1 . . . 1 2 . . . . . . . . . 1 . . . . . 5 . . . 3 1 4 . . Worker 16 | 1 . . 2 . 1 . . . . . . . . . . . . 3 . . . . . . . . . . . . . 2 . . 1 1 3 2 Builder 17 | . . . . . 2 . . . . . . . . . . . . 2 . 3 . . . . . . 1 . . . . 5 . . 1 3 . . Tunneler 7 | 4 . . . . . . . . . . . . . . . . . 2 . . . . . . . . 1 . . . . . . . . . . . Hauler 35 | . 2 . 5 . 5 1 . 4 . . . . 4 1 . . . 1 . 3 . . . . . . 3 . . . . 2 . 2 1 . 1 . Recycler 23 | 1 . . . . 3 1 . 3 . . . . . . . . . 3 . 2 . . . . . . 1 . . . . . . 2 2 . 2 3 Carrier 1 | . . . . . . . . . . . . . . . . . . . . . . . . . . . . . . . . . . . . 1 . . Minesweeper 2 | . . . . . . . . . . . . . . . . . . . . . . . . 2 . . . . . . . . . . . . . . Mechanic 3 | . . . . . . . . . . . . . . 1 . . . . . . . . . . . . . . . . . . . . . 2 . . Operator 19 | . . . 1 . . . . 2 . . . . 1 1 . 9 . 1 . 1 . . . . . . . . . . . . . 1 1 . . 1 Drone 21 | . . . . . . . . . . . . . . . . . . . . . . . . . . . . . . . . . . . . 21 . . Watcher 36 | . 1 . 5 . 2 1 . 1 . . . . 4 2 1 . . 3 . 6 . . . . . . 3 . . . . 1 . 1 2 2 . 1 Swarmer 62 | . . 2 7 7 7 . . . 1 . . 3 . . . . . . . 7 . . . . . . 3 2 . 9 . . . 4 . 1 3 6 Saboteur 4 | . . . . . . . . . . . . . . . . . . . . . . . . . . . . . . 1 . . . . . 2 1 . Grunt 92 | . 14 3 8 . 9 . . 1 1 . . . 1 6 . . 1 . . 5 . . . . . . . . . 11 . . . 5 6 16 5 . Brawler 9 | . . . 1 . 2 . . . . . . . . 1 . . . . . . . . . . . . . . . 2 . . . . . 2 1 . Duelist 3 | . . . . . . . . . . . . . . . . . . . . . . . . . . . . . . . . . . 1 . 2 . . Protector 6 | . . . . . . . . . . . . . . . . . . . . . . . . . . . . . . 5 . . . . . 1 . . Researcher 5 | . . . . . . . . . . . . . . . . . . . . . . . . . . . . . . . . . . . 1 4 . . Sentry 48 | . . . 7 . 7 . . 1 1 . . . 4 11 . 1 . 2 . 2 . . . . . . 1 . 1 . . 2 . 1 . 6 . 1 Demolisher 2 | . . . . . . . . . . . . . . . . . . . . . . . . . . . . . . 2 . . . . . . . . Specialist 1 | . . . . . . . . . . . . . . . . . . . . . . . . . . . . . . 1 . . . . . . . . Hunter 18 | . . . . . 2 . . . 1 . . . . . . . . . . . . . . . . . . . . 1 . 2 . 4 . 3 4 1 Programmer 36 | . . . . . . . . . . . . . 2 . . . 1 4 . 2 . . . . . . 4 . . . . . 2 . 2 12 3 4 Heavy 1 | . . . . . 1 . . . . . . . . . . . . . . . . . . . . . . . . . . . . . . . . . Behemoth 3 | . . . . . . . . . . . . . . 1 . . . . . . . . . . . . . . . 2 . . . . . . . . Cetus Guard 4 | . . . . . . . . . . . . . . . 4 . . . . . . . . . . . . . . . . . . . . . . . Quarantine Guard 2 | . . . . . . . . . . . . . . . . . . . . . . . . . . . . . . . . . 2 . . . . . Hotshot 2 | . . . . . . . . . . . . . . . . . . . . . . . . . . . . . . . . . . . . 2 . . Decapitator 8 | . . . . . . . . . . . . . . . . . . . . . . . . . . . . . . . . . . . . 8 . . Immortal 4 | . . . . . . . . . . . . . . . . . . . . . . . . . . . . . . . . . . . . 4 . . Combat Programmer 2 | . . . . . . . . . . . . . . . . . . . . . . . . . . . . . . . . . . . . . . 2 Striker 2 | . . . . . . . . . . . . . . . . . . . . . . . . . . . . . . . . . . 2 . . . . Executioner 2 | . . . . . . . . . . . . . . . . . . . . . . . . . . . . . . 1 . . . 1 . . . . V-Series 4 | . . . . . . . . . . . . . . . . . . . . . . . . . . . . . . . . . . . . 4 . . Decomposer 1 | . . . . . . . . . . . . . . . . . . . . . 1 . . . . . . . . . . . . . . . . . Packrat 2 | . . . . . . . . . . 2 . . . . . . . . . . . . . . . . . . . . . . . . . . . . Samaritan 1 | . . . . . . . . . 1 . . . . . . . . . . . . . . . . . . . . . . . . . . . . . Assembled 1 | . . 1 . . . . . . . . . . . . . . . . . . . . . . . . . . . . . . . . . . . . Guerrilla 2 | . . . . . . . . . . . . . . 2 . . . . . . . . . . . . . . . . . . . . . . . . Fireman 1 | . . . . . . . . . . . . . . . . . . . . . . . . . . . . . . . . . . 1 . . . . Commander 1 | . . . . . . . . . . . . . . . . . . . . . . . . . . . . 1 . . . . . . . . . . Best Kill Streak 24 | 5 4 2 6 4 7 2 . 2 2 . . 3 3 7 3 7 1 3 . 7 . . . 2 . . 3 1 1 9 . 5 2 6 4 24 11 6 Combat Bots Only 16 | . 4 2 5 4 7 . . 1 2 . . 3 2 7 2 1 1 2 . 5 . . . . . . 3 1 1 9 . 2 2 4 3 16 8 6 Max Kills in Single Turn 7 | 1 1 2 2 1 2 1 . 1 1 1 . 1 1 1 1 1 1 1 . 1 1 . . 1 . . 1 1 1 3 . 1 1 4 1 7 4 4 Gunslinging . | . . . . . . . . . . . . . . . . . . . . . . . . . . . . . . . . . . . . . . . Exploded 7 | . . . 1 . 2 . . . . . . . . . . . . . . . . . . . . . . 1 . 3 . . . 4 . 7 2 4 Melee 1 | . . . . . 1 . . 1 1 . . 1 1 1 1 . . 1 . 1 . . . . . . 1 . 1 . . . . . 1 1 1 1 Uniques/NPCs Destroyed 2 | . . . . 1 . . . . . . . . . . . . . . . . . . . . . . . . . . . . . . . . . 1 YI-UF0 (-9/Mines) Warlord (-1/Command) Combat | -11 -10 -10 -9 -9 -8 -7 -7 -7 -7 -7 -7 -6 -6 -6 -6 -6 -6 -5 -5 -5 -5 -5 -5 -4 -4 -4 -4 -4 -4 -4 -3 -3 -3 -2 -2 -2 -1 -1 -------- Run | Yrd Mat Min Mat Min Mat Fac Was Fac Low Low Dat Pro Fac Ext Cet Arc Hub Fac Was Fac Upp Upp Zhi Pro Fac Was Fac Upp Upp War Pro Res Qua Res Tes Frg Acc Com Hostile Shots Fired 2540 | . 72 17 72 31 195 . . 34 19 . . 15 26 221 11 6 220 30 . 59 . 14 . 36 19 . 29 14 20 61 . 29 18 39 34 525 301 373 Missed 977 | . 19 7 20 5 46 . . 19 7 . . 8 13 115 4 1 83 13 . 31 . 11 . 15 14 . 10 8 4 31 . 10 8 26 15 204 110 120 Intercepted 16 | . . . . . . . . . . . . . . . . . . . . . . . . . . . . . . . . . . . . . . 16 Hits 1563 | . 53 10 52 26 149 . . 15 12 . . 7 13 106 7 5 137 17 . 28 . 3 . 21 5 . 19 6 16 30 . 19 10 13 19 321 191 253 Melee 20 | . . . . . . . . . . . . . . . . . . . . . . . . 1 . . . . . . . . . . . 19 . . Projectile 1543 | . 53 10 52 26 149 . . 15 12 . . 7 13 106 7 5 137 17 . 28 . 3 . 20 5 . 19 6 16 30 . 19 10 13 19 302 191 253 AOE 36 | . . . . 10 . . . . . . . . . . . . . . . . . . . . . . . . . 2 . . . . . 1 . 23 Critical Strikes 92 | . 1 . 1 . 6 . . . . . . . . . 2 . 7 1 . 1 . . . . . . 2 . . 3 . 1 . . 1 36 11 19 Actively Blocked 52 | . . . . . . . . . . . . . . . 2 . . . . . . . . . . . . . . . . 1 . . . 36 11 2 Part Disruptions 2 | . . . . . . . . . . . . . . . . . 1 . . . . . . . . . . . . . . . . . . . . 1 Damage Taken 32243 | . 666 102 672 469 2383 . . 157 174 . . 119 251 871 180 123 2506 358 . 529 . 52 . 368 75 . 355 106 344 760 . 209 147 102 134 7408 2962 9661 Core 4056 | . 120 24 115 93 392 . . 43 37 . . . 29 136 63 . 313 39 . 73 . 33 . 52 . . 35 18 . 57 . 9 . . . 761 355 1259 Absorbed by Shields 2230 | . . . . . . . . . . . . . . 39 67 . . . . . . . . . . . . . . . . 219 152 107 145 1139 . 362 Reduced by Siege Mode 341 | . . . . . . . . . . . . . . . . . . . . . . . . . . . . . . . . . . . . . . 341 Redirected to Shielding 519 | . . . . . . . . . . . . . . . . . . . . 18 . . . 51 12 . 14 . 32 . . . . . . 392 . . Ignored by Resistances 2886 | . . . . . . . . . . . . . . . . . . . . . . . . . . . . . . 147 . . . . 188 602 1409 540 Regen/Repaired (Parts) 5736 | . 258 . . . 78 . 118 128 . . . . 36 48 . . . 181 . 129 . . . . 110 . 235 . . 135 . . 43 63 100 1554 773 1747 Core Remaining (%) 63 | 100 . 42 . 48 28 . . . . . . 88 . . . . 36 . . . . . . 80 . . . . . . 90 . 86 . . 37 . . Volleys Fired 614 | 12 49 12 62 12 95 . . 8 . . . 11 . . 16 10 9 . . . . . . . . 5 2 7 . 87 5 37 20 56 2 57 7 33 Largest 3 | 2 2 2 2 2 2 . . 1 . . . 1 . . 1 2 2 . . . . . . . . 1 1 1 . 2 1 3 3 1 1 1 2 2 Hottest 339 | 40 120 120 130 90 143 . . 65 . . . 65 . . 35 115 70 . . . . . . . . 46 105 105 . 94 105 339 339 120 94 140 230 220 Shots Fired 998 | 24 96 24 124 18 179 . . 8 . . . 11 . . 16 14 18 . . . . . . . . 5 2 7 . 163 5 77 31 56 2 56 8 54 Gun 460 | 24 46 . 124 18 12 . . 1 . . . . . . 16 14 18 . . . . . . . . . . . . 153 . 34 . . . . . . Cannon 474 | . 48 24 . . 161 . . 7 . . . 11 . . . . . . . . . . . . . . 2 3 . 3 5 43 31 35 2 43 3 53 Launcher 59 | . . . . . 6 . . . . . . . . . . . . . . . . . . . . 5 . 4 . 7 . . . 18 . 13 5 1 Special 5 | . 2 . . . . . . . . . . . . . . . . . . . . . . . . . . . . . . . . 3 . . . . Kinetic 298 | 24 37 . . . . . . 1 . . . . . . 16 12 18 . . . . . . . . . . . . 94 . 43 . . . 10 2 41 Thermal 451 | . 59 24 102 . 165 . . 7 . . . 11 . . . 2 . . . . . . . . . . 2 3 . . 5 28 23 3 . 4 1 12 Explosive 59 | . . . . . 6 . . . . . . . . . . . . . . . . . . . . 5 . 4 . 7 . . . 18 . 13 5 1 Electromagnetic 128 | . . . 22 18 8 . . . . . . . . . . . . . . . . . . . . . . . . 3 . 6 8 32 2 29 . . Entropic 59 | . . . . . . . . . . . . . . . . . . . . . . . . . . . . . . 59 . . . . . . . . Robot Hit Streak 32 | 6 10 6 18 8 18 . . 19 . . . . . . 20 6 4 . . . . . . . . 6 7 2 . 4 . 4 8 7 2 32 14 5 Robot Miss Streak 7 | 2 4 4 7 5 3 . . . . . . . . . 2 1 4 . . . . . . . . . . 1 . 6 . 3 2 3 1 5 1 4 Penetration Max 2 | . . . . . . . . . . . . . . . 1 1 1 . . . . . . . . . . . . 2 . 1 . . . 1 . . Secondary Targets 11 | . 1 . 5 2 . . . . . . . . . . . . 1 . . . . . . . . . . . . 2 . . . . . . . . Max Gunslinging Chain 1 | . 1 . 1 1 . . . . . . . . . . . . 1 . . . . . . . . . . . . 1 . . . . . . . . Shots Hit Robots 1141 | 17 63 11 111 13 126 4 . 20 6 2 1 5 30 65 19 22 9 39 . 55 2 1 . 2 . 5 32 5 7 79 . 30 14 31 40 173 48 54 Core Hits 794 | 8 27 7 133 8 48 1 . 10 4 2 . 3 14 29 12 13 4 20 . 27 1 1 . 1 . 1 15 6 2 79 . 18 7 53 20 152 38 30 Critical Kills 15 | 1 2 . . . 1 . . . . . . . . . 1 . . . . . . . . . . . . . . 3 . 3 . . . 2 1 1 Critical Parts Destroyed 9 | . . . . . . . . . . . . . . . 1 . 1 . . . . . . . . . 3 . . 2 . 1 . . . 1 . . Critical Strikes 110 | 1 2 . . . 1 . . 1 . . . . 4 11 3 . 1 3 . 5 . . . . . . 7 . 2 6 . 5 . 1 5 37 9 6 Meltdown 7 | . 2 . . . 1 . . . . . . . . . . . . . . . . . . . . . . . . . . 2 . . . . 1 1 Destroy 18 | 1 . . . . . . . . . . . . . . 3 . 1 . . . . . . . . . . . . 4 . 2 . . . 7 . . Blast 5 | . . . . . . . . . . . . . . . . . . . . . . . . . . . . . . . . 1 . . . 1 . 3 Corrupt 1 | . . . . . . . . . . . . . . . . . . . . . . . . . . . . . . . . . . 1 . . . . Smash 3 | . . . . . . . . . . . . . . . . . . . . . . . . . . . 3 . . . . . . . . . . . Sever 54 | . . . . . . . . 1 . . . . 4 11 . . . 3 . 5 . . . . . . 4 . 2 . . . . . 5 11 6 2 Impale 20 | . . . . . . . . . . . . . . . . . . . . . . . . . . . . . . . . . . . . 18 2 . Detonate 2 | . . . . . . . . . . . . . . . . . . . . . . . . . . . . . . 2 . . . . . . . . Melee Attacks 1047 | . . . 3 . . 5 2 48 29 8 17 8 66 82 9 12 1 104 . 102 8 17 . 3 11 . 61 13 11 1 . . 5 21 73 213 68 46 Impact 26 | . . . . . . 5 2 . . . . . . . . . . . . . . . . . 1 . 13 2 3 . . . . . . . . . Slashing 947 | . . . 3 . . . . 48 29 8 17 8 66 82 9 12 1 104 . 102 8 17 . 3 10 . 48 11 8 1 . . 5 21 73 150 59 44 Piercing 72 | . . . . . . . . . . . . . . . . . . . . . . . . . . . . . . . . . . . . 63 9 . Sneak Attacks 136 | . . . . . . 2 . 8 2 2 1 1 12 13 . 10 . 15 . 12 1 . . 2 . . 8 3 4 . . . . 5 7 13 5 10 Combat Hostiles 36 | . . . . . . . . 2 . . . 1 6 6 . . . 1 . 3 . . . . . . 1 . 4 . . . . . 1 7 . 4 Follow-up Attacks 45 | . . . . . . . . . . . . . . . . . . 4 . 9 . . . . . . 2 . 3 . . . . . 3 14 7 3 Martial Strikes 40 | . . . . . . . . . . . . . . . . . . . . . . . . . . . . . . . . . . . . 27 13 . Damage Inflicted 71032 | 191 963 212 1670 178 3447 381 . 1340 360 187 91 288 2141 3864 748 1582 362 2683 . 3274 228 68 . 218 . 644 2013 775 494 6275 . 1274 603 4710 3267 16958 4699 4844 Guns 7517 | 191 396 . 1486 175 189 . . 12 . . . . . . 418 328 301 . . . . . . . . . . . . 3600 . 421 . . . . . . Cannons 9789 | . 542 210 . . 2508 . . . . . . . . . . . . . . . . . . . . . 36 34 . 77 . 853 603 846 45 1397 125 2513 Explosions 14807 | . . . 115 . 684 . . . . . . . . . . . . . . . . . . . . 644 . 468 . 2598 . . . 2820 . 5274 1920 284 Melee 38677 | . . . . . . 381 . 1328 360 187 91 288 2141 3864 330 1254 . 2683 . 3274 228 68 . 218 . . 1977 273 494 . . . . 1044 3222 10287 2652 2033 Ramming 242 | . 25 2 69 3 66 . . . . . . . . . . . 61 . . . . . . . . . . . . . . . . . . . 2 14 Kinetic 6631 | 191 305 . . . . . . 12 . . . . . . 418 288 301 . . . . . . . . . . . . 1692 . 711 . . . 408 84 2221 Thermal 6681 | . 633 210 1338 . 2591 . . . . . . . . . . 40 . . . . . . . . . . 36 34 . 544 . 475 391 . . 56 41 292 Explosive 14121 | . . . . . 684 . . . . . . . . . . . . . . . . . . . . 644 . 468 . 2054 . . . 2793 . 5274 1920 284 Electromagnetic 2772 | . . . 263 175 106 . . . . . . . . . . . . . . . . . . . . . . . . 77 . 88 212 873 45 933 . . Impact 883 | . . . . . . 381 . . . . . . . . . . . . . . . . . . . . 309 . 193 . . . . . . . . . Slashing 35438 | . . . . . . . . 1328 360 187 91 288 2141 3864 330 1254 . 2683 . 3274 228 68 . 218 . . 1668 273 301 . . . . 1044 3222 8398 2185 2033 Piercing 2356 | . . . . . . . . . . . . . . . . . . . . . . . . . . . . . . . . . . . . 1889 467 . Entropic 1908 | . . . . . . . . . . . . . . . . . . . . . . . . . . . . . . 1908 . . . . . . . . Highest Corruption 37 | . . . . . . . . 1 . . . . . . . 6 17 3 8 8 1 1 1 1 . . 6 3 1 1 . . 2 10 1 30 5 37 Average Corruption 7 | . . . . . . . . 1 . . . . . . . 4 6 2 5 2 1 1 1 1 . . 2 1 1 1 . . 1 5 1 9 4 20 Corruption Purged 39 | . . . . . . . . 1 . . . . . . . 15 . . . 8 . . . . . . 3 2 . . . . . 10 . . . . Corruption Blocked . | . . . . . . . . . . . . . . . . . . . . . . . . . . . . . . . . . . . . . . . Effects 197 | . . . . . . . . . . . . . . . . 5 3 8 1 1 1 1 1 . . . 20 5 2 . . . 5 8 5 58 4 69 Message Errors 35 | . . . . . . . . . . . . . . . . . 1 2 . 1 . . 1 . . . 5 . . . . . . 1 1 10 . 13 Matter Fused 41 | . . . . . . . . . . . . . . . . . . 1 . . 1 . . . . . 4 1 . . . . . 2 . 15 1 16 Heat Flow Errors 22 | . . . . . . . . . . . . . . . . . . 3 1 . . . . . . . 1 . 1 . . . 1 . 1 5 . 9 Energy Discharges 22 | . . . . . . . . . . . . . . . . 1 . . . . . . . . . . 6 1 . . . . 2 . 2 4 1 5 Parts Rejected 1 | . . . . . . . . . . . . . . . . . 1 . . . . . . . . . . . . . . . . . . . . . Parts Fused 4 | . . . . . . . . . . . . . . . . 1 1 . . . . . . . . . . 1 . . . . . . . 1 . . Data Loss (minor) 26 | . . . . . . . . . . . . . . . . 1 . 1 . . . . . . . . 3 2 1 . . . 1 1 1 6 1 8 Data Loss (major) 7 | . . . . . . . . . . . . . . . . . . 1 . . . . . . . . 1 . . . . . . . . 2 . 3 Misfires 7 | . . . . . . . . . . . . . . . . 2 . . . . . . . . . . . . . . . . 1 1 . . . 3 Alerts 7 | . . . . . . . . . . . . . . . . . . . . . . 1 . . . . . . . . . . . 2 . 2 1 1 Misdirections 20 | . . . . . . . . . . . . . . . . . . . . . . . . . . . . . . . . . . . . 12 . 8 Weapon Failures 5 | . . . . . . . . . . . . . . . . . . . . . . . . . . . . . . . . . . 1 . 1 . 3 Overload Shots . | . . . . . . . . . . . . . . . . . . . . . . . . . . . . . . . . . . . . . . . Overflow Damage 5515 | . . . . . 68 147 . 190 156 . . . 205 294 . 319 . 369 . 367 113 . . 78 . . 429 46 . 77 . 14 . 226 397 1302 347 371 Projectiles 104 | . . . . . 57 . . . . . . . . . . . . . . . . . . . . . . . . . . 14 . 8 25 . . . Explosions 511 | . . . . . 11 . . . . . . . . . . . . . . . . . . . . . . 35 . 77 . . . 24 . 263 60 41 Melee 4900 | . . . . . . 147 . 190 156 . . . 205 294 . 319 . 369 . 367 113 . . 78 . . 429 11 . . . . . 194 372 1039 287 330 Knockbacks 18 | . . . 1 . 1 . . . . . . . . . . . . . . . . . . . . . 1 . 1 . . . . . . 5 . 9 Impact 4 | . . . 1 . 1 . . . . . . . . . . . . . . . . . . . . . 1 . 1 . . . . . . . . . Kinetic 14 | . . . . . . . . . . . . . . . . . . . . . . . . . . . . . . . . . . . . 5 . 9 Secondary . | . . . . . . . . . . . . . . . . . . . . . . . . . . . . . . . . . . . . . . . Self-Inflicted Damage 662 | . . . . . . . . . . . . . . . . . . . . . . . . . . . . . . . . . . . . 328 263 71 Shots 18 | . . . . . . . . . . . . . . . . . . . . . . . . . . . . . . . . . . . . 13 4 1 Rammed 51 | . 14 3 18 1 6 . . . . . . . . . . . 8 . . . . . . 1 . . . . . . . . . . . . . . Targets Rammed 57 | . 14 3 19 1 10 . . . . . . . . . . . 8 . . . . . . 1 . . . . . . . . . . . . 1 . Kicked 1 | . . . . . . . . . . . . . . . . . . . . . . . . . . . . . . . . . . . . . 1 . Crushed 5 | . . . 1 . 4 . . . . . . . . . . . . . . . . . . . . . . . . . . . . . . . . . Highest Temperature 337 | . 222 164 191 . 322 2 2 130 97 102 34 130 102 64 17 . 8 186 104 13 . 8 1 . . . 202 116 184 101 208 292 140 38 28 84 48 337 Average Temperature 38 | . 53 75 46 . 86 2 2 40 29 48 12 57 23 14 6 . 8 34 78 2 . 1 1 . . . 21 21 21 9 109 75 52 20 21 24 17 110 Received Heat Transfer 4795 | . 390 48 258 . 927 . . 30 30 . . . 24 299 13 . 432 36 . 135 . 21 . 75 . . 9 . 96 93 . 4 . . 32 654 306 883 Effects 5 | . . . . . 2 . . . . . . . . . . . . . . . . . . . . . . . . . . . . . . . . 3 Shutdowns 1 | . . . . . 1 . . . . . . . . . . . . . . . . . . . . . . . . . . . . . . . . . Energy Bleed 1 | . . . . . . . . . . . . . . . . . . . . . . . . . . . . . . . . . . . . . . 1 Interference 3 | . . . . . 1 . . . . . . . . . . . . . . . . . . . . . . . . . . . . . . . . 2 Siege Activations 1 | . . . . . . . . . . . . . . . . . . . . . . . . . . . . . . . . . . . . . . 1 Total Turns 39 | . . . . . . . . . . . . . . . . . . . . . . . . . . . . . . . . . . . . . . 39 Longest Duration 39 | . . . . . . . . . . . . . . . . . . . . . . . . . . . . . . . . . . . . . . 39 Martial Activations . | . . . . . . . . . . . . . . . . . . . . . . . . . . . . . . . . . . . . . . . Shielding Activations . | . . . . . . . . . . . . . . . . . . . . . . . . . . . . . . . . . . . . . . . Robots Disrupted . | . . . . . . . . . . . . . . . . . . . . . . . . . . . . . . . . . . . . . . . Combat Hostiles . | . . . . . . . . . . . . . . . . . . . . . . . . . . . . . . . . . . . . . . . Robots Corrupted 11 | . . . . . . 1 . . . . . . . . . . . . . . . . . . . . . . . . . . 2 1 . 7 . . Combat Hostiles 10 | . . . . . . . . . . . . . . . . . . . . . . . . . . . . . . . . . 2 1 . 7 . . Parts Fried 37 | . . . . . 2 2 . . . . . . . . . . . . . . . . . . . . 1 . . . . 1 10 6 . 15 . . Impact Corruptions 8 | . . . . . . 3 . . . . . . . . . . . . . . . . . . . . 5 . . . . . . . . . . . Robots Melted 8 | . 2 . . . 2 . . . . . . . . . . . . . . . . . . . . . . . . . . 2 . . . . 1 1 Combat Hostiles 7 | . 1 . . . 2 . . . . . . . . . . . . . . . . . . . . . . . . . . 2 . . . . 1 1 Parts Melted 28 | . 5 . . . 10 . . . . . . . . 2 . . . . . . . . . . . . . . . 1 . 4 . . . . 3 3 Heat Transferred 9139 | . 1369 444 1560 . 4403 . . . . . . . . . . 37 . . . . . . . . . . 37 37 . 275 . 416 296 . . 25 37 203 Parts Sabotaged 4 | . . . . . . . . . . . . . . . . . . . . . . . . 4 . . . . . . . . . . . . . . Parts Stolen . | . . . . . . . . . . . . . . . . . . . . . . . . . . . . . . . . . . . . . . . Parts Stripped . | . . . . . . . . . . . . . . . . . . . . . . . . . . . . . . . . . . . . . . . Power Chain Reactions 1 | . . . 1 . . . . . . . . . . . . . . . . . . . . . . . . . . . . . . . . . . . Alert | -11 -10 -10 -9 -9 -8 -7 -7 -7 -7 -7 -7 -6 -6 -6 -6 -6 -6 -5 -5 -5 -5 -5 -5 -4 -4 -4 -4 -4 -4 -4 -3 -3 -3 -2 -2 -2 -1 -1 ------- Run | Yrd Mat Min Mat Min Mat Fac Was Fac Low Low Dat Pro Fac Ext Cet Arc Hub Fac Was Fac Upp Upp Zhi Pro Fac Was Fac Upp Upp War Pro Res Qua Res Tes Frg Acc Com Maximum Alert Level 5 | . . . 1 1 2 . . 1 . . . . 1 2 1 1 . . . 2 . . . . . . . . . . . . . 2 1 5 4 3 Low Security (%) 69 | 100 100 100 36 98 87 100 100 85 . . . . 72 14 72 64 100 100 100 53 . . . . 100 100 100 . . . . 100 100 67 65 15 . . Level 1 16 | . . . 63 1 7 . . 14 . . . . 27 84 27 35 . . . 26 . . . . . . . . . . . . . 25 34 13 . . Level 2 7 | . . . . . 5 . . . . . . . . 1 . . . . . 19 . . . . . . . . . . . . . 6 . 14 . 75 Level 3 4 | . . . . . . . . . . . . . . . . . . . . . . . . . . . . . . . . . . . . 22 85 24 Level 4 1 | . . . . . . . . . . . . . . . . . . . . . . . . . . . . . . . . . . . . 11 14 . Level 5 1 | . . . . . . . . . . . . . . . . . . . . . . . . . . . . . . . . . . . . 22 . . High Security . | . . . . . . . . . . . . . . . . . . . . . . . . . . . . . . . . . . . . . . . Max Security . | . . . . . . . . . . . . . . . . . . . . . . . . . . . . . . . . . . . . . . . Peak Influence 2047 | 15 121 69 321 203 459 180 60 245 . . . . 297 400 241 243 54 129 40 602 . . . . 140 59 121 . . . . 72 128 422 238 2047 1249 824 Initial 1228 | . 3 28 . 113 . 171 60 6 . . . . 28 118 124 58 16 21 40 21 . . . . 21 49 41 . . . . . 22 63 223 108 1228 665 Average 207 | 2 59 9 197 50 107 168 26 150 . . . . 110 267 172 154 9 47 35 240 . . . . 11 44 59 . . . . 24 87 185 116 907 972 605 Influence Increases 15629 | 30 517 125 779 160 957 72 39 538 90 . . 115 668 850 276 267 144 695 . 1216 5 95 . 55 245 50 373 108 80 1000 . 349 306 775 447 2847 601 755 Destroy 0b10 Robot/C 7100 | . 280 100 460 140 560 . . 40 80 . . 60 140 580 160 80 60 120 . 320 . . . . . . 160 80 20 600 . 80 80 380 180 1720 340 280 Destroy 0b10 Robot/NC 860 | 30 20 . 65 . 65 15 . 50 . . . . 45 25 10 45 . 75 . 75 5 5 . 10 . . 45 . . 25 . 50 . 30 45 60 30 35 Destroy Leader 1186 | . 76 10 160 20 174 4 . 20 10 . . 10 76 64 . . 10 58 . 68 . . . . . . 50 . . . . 36 20 86 26 114 62 32 Allied During Kill 403 | . . . . . . . . . . . . . . 126 104 125 20 . . . . . . . . . . 28 . . . . . . . . . . Successful Hack 834 | . 31 . 27 . 18 7 . 83 . . . . 21 16 . . . 110 . 187 . . . . 75 . 26 . . . . 77 38 . 25 29 25 39 Select Force Hacks 90 | . 60 . 30 . . . . . . . . . . . . . . . . . . . . . . . . . . . . . . . . . . . Disable Machine 660 | . . . 15 . 15 . . 45 . . . . 15 . . 15 30 15 . . . . . . . . 15 . . . . 15 90 15 90 285 . . Anti-Garrison Action 150 | . . . . . . . . . . . . . . . . . . . . . . . . . . . . . . . . . . . . 150 . . Destroy Structure 866 | . 5 . 7 . 50 1 39 15 . . . . 26 9 2 2 9 92 . 56 . . . . 20 50 32 . . . . 46 18 129 36 24 84 114 Partial Spotted 735 | . . . . . . 45 . 105 . . . . 105 15 . . . 150 . 60 . . . . . . 30 . . . . . 60 45 . 60 . 60 Lose Combat Pursuer 2745 | . 45 15 15 . 75 . . 180 . . . 45 240 15 . . 15 75 . 450 . 90 . 45 150 . 15 . 60 375 . 45 . 90 45 405 60 195 Influence Decreases 15071 | 25 449 198 487 452 580 276 203 432 205 . . 70 471 868 354 366 147 622 87 684 309 130 223 20 140 131 430 83 106 289 712 308 235 489 652 993 1607 1238 Entered New Map 3909 | . 2 45 . 179 . 206 113 3 43 . . . 17 124 100 88 31 23 77 9 209 50 223 . 14 91 18 2 6 1 712 . 19 49 175 85 819 376 Time Decay 8338 | 25 437 153 477 273 470 70 42 419 162 . . 70 334 434 214 278 106 397 10 365 100 80 . 5 116 20 359 81 100 268 . 308 206 440 269 530 198 522 Lost Part 925 | . 10 . 10 . 110 . . . . . . . . . . . 10 10 . . . . . 15 . . . . . 20 . . 10 . . 250 140 340 Lost Ally 298 | . . . . . . . 48 10 . . . . . 160 40 . . . . 10 . . . . 10 20 . . . . . . . . . . . . Purge Threat 1601 | . . . . . . . . . . . . . 120 150 . . . 192 . 300 . . . . . . 53 . . . . . . . 208 128 450 . Squads Dispatched 101 | . 4 1 3 . 5 . . 7 . . . . 11 2 . . 3 8 . 6 . . . 1 7 . 6 . . . . 6 . 2 4 11 7 7 Investigation 26 | . 3 1 2 . . . . 3 . . . . 4 1 . . . 4 . 3 . . . . 1 . 1 . . . . 2 . . . 1 . . Extermination 33 | . . . . . . . . 4 . . . . 5 . . . 1 4 . 1 . . . . 1 . 3 . . . . . . . 4 4 1 5 Reinforcement 25 | . 1 . 1 . 1 . . . . . . . 2 1 . . 1 . . 2 . . . . 5 . 2 . . . . 4 . 2 . . 1 2 Assault 9 | . . . . . . . . . . . . . . . . . . . . . . . . 1 . . . . . . . . . . . 6 2 . Garrison 8 | . . . . . 4 . . . . . . . . . . . 1 . . . . . . . . . . . . . . . . . . . 3 . Intercept . | . . . . . . . . . . . . . . . . . . . . . . . . . . . . . . . . . . . . . . . Searches Triggered . | . . . . . . . . . . . . . . . . . . . . . . . . . . . . . . . . . . . . . . . Construction Impeded . | . . . . . . . . . . . . . . . . . . . . . . . . . . . . . . . . . . . . . . . Haulers Reinforced 7 | . . . . . . . . . . . . . 1 . . . . . . 2 . . . . . . 1 . . . . 1 . 1 . . 1 . Active Scanning Responses . | . . . . . . . . . . . . . . . . . . . . . . . . . . . . . . . . . . . . . . . Cargo Convoy Interrupts 1 | . . . . . . . . . . . . . . . . . . . . 1 . . . . . . . . . . . . . . . . . . Stealth | -11 -10 -10 -9 -9 -8 -7 -7 -7 -7 -7 -7 -6 -6 -6 -6 -6 -6 -5 -5 -5 -5 -5 -5 -4 -4 -4 -4 -4 -4 -4 -3 -3 -3 -2 -2 -2 -1 -1 --------- Run | Yrd Mat Min Mat Min Mat Fac Was Fac Low Low Dat Pro Fac Ext Cet Arc Hub Fac Was Fac Upp Upp Zhi Pro Fac Was Fac Upp Upp War Pro Res Qua Res Tes Frg Acc Com Distress Signals 54 | . 3 . 2 . 9 . . 1 . . . . 3 2 2 . 5 3 . 3 . . . . . . 1 . . 1 . 6 . 8 1 . . 4 Communications Jammed 72 | . . . . . . . . . . . . . . . . . . . . . . . . . . . . . . . . 2 . 15 2 53 . . Distress Signals 63 | . . . . . . . . . . . . . . . . . . . . . . . . . . . . . . . . 2 . 15 2 44 . . Times Spotted 770 | . 24 8 38 8 51 2 8 18 4 . 4 6 22 29 10 6 14 16 6 47 . 7 . 18 16 4 18 4 5 72 . 12 4 43 15 139 31 61 Peak Tracking Total 19 | . 5 3 6 4 6 2 5 7 3 . 4 4 7 5 5 1 12 5 6 17 . 4 . 19 8 4 4 3 4 10 . 4 2 10 6 17 8 17 Tactical Retreats 76 | . 1 2 1 . 4 . 1 5 . . . 1 5 1 . . 1 2 . 9 . 2 . 1 2 . 1 . 1 7 . 2 . 4 1 14 4 4 Traps | -11 -10 -10 -9 -9 -8 -7 -7 -7 -7 -7 -7 -6 -6 -6 -6 -6 -6 -5 -5 -5 -5 -5 -5 -4 -4 -4 -4 -4 -4 -4 -3 -3 -3 -2 -2 -2 -1 -1 ------- Run | Yrd Mat Min Mat Min Mat Fac Was Fac Low Low Dat Pro Fac Ext Cet Arc Hub Fac Was Fac Upp Upp Zhi Pro Fac Was Fac Upp Upp War Pro Res Qua Res Tes Frg Acc Com Traps Triggered 44 | . 1 . 1 . . 1 . 4 . . . . 5 1 . . 2 4 . 1 . . . . 1 . 2 . . . . . 1 . 2 12 3 3 Indirectly . | . . . . . . . . . . . . . . . . . . . . . . . . . . . . . . . . . . . . . . . Trap Hack Attempts . | . . . . . . . . . . . . . . . . . . . . . . . . . . . . . . . . . . . . . . . Triggered . | . . . . . . . . . . . . . . . . . . . . . . . . . . . . . . . . . . . . . . . Disarmed . | . . . . . . . . . . . . . . . . . . . . . . . . . . . . . . . . . . . . . . . Reprogrammed 5 | . . . 5 . . . . . . . . . . . . . . . . . . . . . . . . . . . . . . . . . . . Reused . | . . . . . . . . . . . . . . . . . . . . . . . . . . . . . . . . . . . . . . . Traps Extracted . | . . . . . . . . . . . . . . . . . . . . . . . . . . . . . . . . . . . . . . . Installed . | . . . . . . . . . . . . . . . . . . . . . . . . . . . . . . . . . . . . . . . Triggered . | . . . . . . . . . . . . . . . . . . . . . . . . . . . . . . . . . . . . . . . Machines | -11 -10 -10 -9 -9 -8 -7 -7 -7 -7 -7 -7 -6 -6 -6 -6 -6 -6 -5 -5 -5 -5 -5 -5 -4 -4 -4 -4 -4 -4 -4 -3 -3 -3 -2 -2 -2 -1 -1 ---------- Run | Yrd Mat Min Mat Min Mat Fac Was Fac Low Low Dat Pro Fac Ext Cet Arc Hub Fac Was Fac Upp Upp Zhi Pro Fac Was Fac Upp Upp War Pro Res Qua Res Tes Frg Acc Com Machines Disabled 52 | . . . 1 . 1 . . 3 . . 1 . 1 . . 1 2 1 . . . 1 . . . . 1 . . 3 . 1 6 1 6 22 . . Max in Single Turn 2 | . . . 1 . 1 . . 1 . . 1 . 1 . . 1 1 1 . . . 1 . . . . 1 . . 1 . 1 2 1 1 1 . . Garrison Access 9 | . . . . . . . . 1 . . . . 1 . . . . 1 . 2 . . . . . . . . . . . 1 . 2 . 1 . . Network Hub 2 | . . . . . . . . . . . . . . . . . 2 . . . . . . . . . . . . . . . . . . . . . Machines Repaired . | . . . . . . . . . . . . . . . . . . . . . . . . . . . . . . . . . . . . . . . Machines Dismantled . | . . . . . . . . . . . . . . . . . . . . . . . . . . . . . . . . . . . . . . . Machines Sabotaged . | . . . . . . . . . . . . . . . . . . . . . . . . . . . . . . . . . . . . . . . Overloaded Fab Kills . | . . . . . . . . . . . . . . . . . . . . . . . . . . . . . . . . . . . . . . . Hacking | -11 -10 -10 -9 -9 -8 -7 -7 -7 -7 -7 -7 -6 -6 -6 -6 -6 -6 -5 -5 -5 -5 -5 -5 -4 -4 -4 -4 -4 -4 -4 -3 -3 -3 -2 -2 -2 -1 -1 --------- Run | Yrd Mat Min Mat Min Mat Fac Was Fac Low Low Dat Pro Fac Ext Cet Arc Hub Fac Was Fac Upp Upp Zhi Pro Fac Was Fac Upp Upp War Pro Res Qua Res Tes Frg Acc Com Machines Accessed 187 | . 9 2 11 . 6 3 . 24 1 . 4 . 17 8 1 . 2 21 . 19 1 . 4 . 5 . 11 3 1 2 . 6 6 1 6 4 4 5 Terminals 98 | . 6 . 9 . 5 2 . 13 . . . . 8 5 1 . 2 8 . 9 . . . . 2 . 4 . . . . 3 6 . 6 3 3 3 Fabricators 12 | . . . . . . . . . . . . . 3 . . . . 2 . 3 . . . . 2 . 1 . . . . 1 . . . . . . Repair Stations 15 | . 1 . . . 1 . . 2 . . . . 1 1 . . . 4 . 2 . . . . 1 . 1 . . . . . . . . . . 1 Recycling Units 26 | . 2 . 2 . . . . 4 . . . . 4 2 . . . 3 . 2 . . . . . . 5 . . . . . . . . . 1 1 Scanalyzers 6 | . . . . . . . . 2 . . . . . . . . . 2 . 1 . . . . . . . . . . . 1 . . . . . . Garrison Access 12 | . . . . . . 1 . 3 . . . . 1 . . . . 2 . 2 . . . . . . . . . . . 1 . 1 . 1 . . Total Hacks 658 | . 40 2 39 . 14 9 . 65 1 . 33 . 36 18 1 . 4 95 . 87 1 . 17 . 35 . 48 5 1 7 . 20 17 1 19 17 15 11 Successful 359 | . 25 2 21 . 12 4 . 33 1 . 33 . 14 8 1 . 1 48 . 42 1 . 17 . 13 . 19 5 1 7 . 11 2 1 13 5 12 7 Failed 299 | . 15 . 18 . 2 5 . 32 . . . . 22 10 . . 3 47 . 45 . . . . 22 . 29 . . . . 9 15 . 6 12 3 4 Catastrophic 53 | . . . 3 . . . . 5 . . . . 6 4 . . 1 7 . 5 . . . . 3 . 7 . . . . 2 5 . 2 1 1 1 Database Lockouts . | . . . . . . . . . . . . . . . . . . . . . . . . . . . . . . . . . . . . . . . Manual 239 | . 23 . 17 . 10 6 . 20 . . . . 17 9 1 . 1 37 . 40 . . . . 4 . 19 . . 1 . 3 6 . 8 6 7 4 Terminals 363 | . 29 . 33 . 12 8 . 41 . . . . 17 13 1 . 4 47 . 53 . . . . 13 . 12 . . . . 13 17 . 19 12 13 6 Fabricators 42 | . . . . . . . . . . . . . 8 . . . . 7 . 13 . . . . 6 . 5 . . . . 3 . . . . . . Repair Stations 67 | . 7 . . . 2 . . 4 . . . . 3 1 . . . 17 . 5 . . . . 16 . 10 . . . . . . . . . . 2 Recycling Units 79 | . 4 . 6 . . . . 7 . . . . 7 4 . . . 14 . 11 . . . . . . 21 . . . . . . . . . 2 3 Scanalyzers 20 | . . . . . . . . 9 . . . . . . . . . 5 . 3 . . . . . . . . . . . 3 . . . . . . Garrison Access 20 | . . . . . . 1 . 4 . . . . 1 . . . . 5 . 2 . . . . . . . . . . . 1 . 1 . 5 . . Terminal Hacks 175 | . 8 2 10 . 3 2 . 8 1 . 33 . 3 5 1 . 1 14 . 18 1 . 17 . 2 . 1 5 1 7 . 4 2 . 9 4 9 4 Record 21 | . . . . . . . . . . . 11 . . . . . . . . . . . 5 . . . . 3 . . . . . . . . 1 1 Part Schematic 17 | . . . . . . . . . . . 12 . . . . . . 1 . . . . 4 . . . . . . . . . . . . . . . Robot Schematic 7 | . . . . . . . . . . . 7 . . . . . . . . . . . . . . . . . . . . . . . . . . . Robot Analysis 9 | . 2 . 1 . . . . . . . . . . . . . . . . . . . 4 . . . . . . . . . . . . 1 1 . Prototype ID Bank 32 | . 3 . 3 . 1 . . 2 . . 3 . . 1 . . . 2 . 4 . . 4 . . . . . . 6 . 1 2 . . . . . Open Door 14 | . . 2 . . . . . . 1 . . . 1 2 1 . . . . . 1 . . . . . . 2 1 1 . 1 . . . . . 1 Branch Access Points 7 | . 1 . 1 . . . . 1 . . . . 1 . . . . . . 1 . . . . . . . . . . . 1 . . . . 1 . Emergency Access Points 2 | . . . . . . . . . . . . . . . . . . . . 1 . . . . . . . . . . . . . . 1 . . . Terminal Index 7 | . 1 . . . 1 1 . . . . . . . . . . 1 . . 2 . . . . . . . . . . . . . . 1 . . . Fabricator Index 1 | . . . . . . . . . . . . . . . . . . . . 1 . . . . . . . . . . . . . . . . . . Repair Station Index 2 | . . . . . . . . . . . . . . . . . . 1 . 1 . . . . . . . . . . . . . . . . . . Scanalyzer Index 1 | . . . . . . . . . . . . . . . . . . . . 1 . . . . . . . . . . . . . . . . . . Garrison Index 1 | . . . . . . . . . . . . . . . . . . 1 . . . . . . . . . . . . . . . . . . . . Alert Level 1 | . . . . . . . . . . . . . . . . . . . . . . . . . . . . . . . . . . . 1 . . . Unreport Threat 15 | . . . . . . . . . . . . . 1 1 . . . 3 . 2 . . . . . . 1 . . . . . . . 3 1 3 . Locate Traps 8 | . 1 . 1 . 1 . . 1 . . . . . . . . . 1 . 2 . . . . 1 . . . . . . . . . . . . . Reprogram Traps 1 | . . . 1 . . . . . . . . . . . . . . . . . . . . . . . . . . . . . . . . . . . Security Status 1 | . . . . . . . . . . . . . . . . . . 1 . . . . . . . . . . . . . . . . . . . . Recall Reinforcements 1 | . . . 1 . . . . . . . . . . . . . . . . . . . . . . . . . . . . . . . . . . . Hauler Manifests 8 | . . . 1 . . . . 2 . . . . . 1 . . . 1 . . . . . . . . . . . . . . . . 2 . 1 . Registered Components 6 | . . . . . . 1 . . . . . . . . . . . 1 . 1 . . . . 1 . . . . . . 1 . . . . 1 . Registered Prototypes 2 | . . . . . . . . 1 . . . . . . . . . . . 1 . . . . . . . . . . . . . . . . . . Zone Layout 9 | . . . 1 . . . . 1 . . . . . . . . . 2 . 1 . . . . . . . . . . . . . . 1 1 1 1 Proto ID Catalog 1 | . . . . . . . . . . . . . . . . . . . . . . . . . . . . . . . . . . . . 1 . . Disengage Seal 1 | . . . . . . . . . . . . . . . . . . . . . . . . . . . . . . . . . . . . . . 1 Fabricator Hacks 17 | . . . . . . . . . . . . . 3 . . . . 5 . 4 . . . . 2 . 1 . . . . 2 . . . . . . Network Status 2 | . . . . . . . . . . . . . 1 . . . . . . 1 . . . . . . . . . . . . . . . . . . Load Schematic 10 | . . . . . . . . . . . . . 2 . . . . 3 . 2 . . . . 1 . 1 . . . . 1 . . . . . . Build 5 | . . . . . . . . . . . . . . . . . . 2 . 1 . . . . 1 . . . . . . 1 . . . . . . Repair Station Hacks 31 | . 6 . . . 2 . . 2 . . . . . . . . . 7 . . . . . . 7 . 5 . . . . . . . . . . 2 Scan Component 16 | . 3 . . . 1 . . 1 . . . . . . . . . 4 . . . . . . 4 . 3 . . . . . . . . . . . Repair 12 | . 3 . . . 1 . . 1 . . . . . . . . . 3 . . . . . . 2 . 2 . . . . . . . . . . . Refit 3 | . . . . . . . . . . . . . . . . . . . . . . . . . 1 . . . . . . . . . . . . 2 Recycling Unit Hacks 19 | . 2 . 2 . . . . 1 . . . . 3 1 . . . 2 . 2 . . . . . . 4 . . . . . . . . . 1 1 Retrieve Components 19 | . 2 . 2 . . . . 1 . . . . 3 1 . . . 2 . 2 . . . . . . 4 . . . . . . . . . 1 1 Scanalyzer 14 | . . . . . . . . 8 . . . . . . . . . 4 . . . . . . . . . . . . . 2 . . . . . . Insert Component 7 | . . . . . . . . 4 . . . . . . . . . 2 . . . . . . . . . . . . . 1 . . . . . . Analyze 7 | . . . . . . . . 4 . . . . . . . . . 2 . . . . . . . . . . . . . 1 . . . . . . Garrison Access Hacks 7 | . . . . . . . . 1 . . . . 1 . . . . 1 . 2 . . . . . . . . . . . 1 . 1 . . . . Seal Access 7 | . . . . . . . . 1 . . . . 1 . . . . 1 . 2 . . . . . . . . . . . 1 . 1 . . . . Unauthorized Hacks 96 | . 9 . 9 . 7 2 . 13 . . . . 4 2 . . . 15 . 16 . . . . 2 . 8 . . . . 2 . . 4 1 2 . Terminals 62 | . 7 . 8 . 7 2 . 11 . . . . 2 1 . . . 6 . 8 . . . . 1 . 1 . . . . 2 . . 4 1 1 . Assimilate 4 | . . . . . . . . 1 . . . . . . . . . . . 1 . . . . 1 . 1 . . . . . . . . . . . Botnet 18 | . 1 . 3 . 2 . . 3 . . . . . 1 . . . 2 . 2 . . . . . . . . . . . 1 . . 1 1 1 . Operators 2 | . 1 . . . . . . 1 . . . . . . . . . . . . . . . . . . . . . . . . . . . . . . Skim 38 | . 5 . 5 . 5 2 . 6 . . . . 2 . . . . 4 . 5 . . . . . . . . . . . 1 . . 3 . . . Fabricators 7 | . . . . . . . . . . . . . 1 . . . . 2 . 3 . . . . 1 . . . . . . . . . . . . . Prioritize 2 | . . . . . . . . . . . . . . . . . . 1 . 1 . . . . . . . . . . . . . . . . . . Haulers 1 | . . . . . . . . . . . . . . . . . . . . 1 . . . . . . . . . . . . . . . . . . Recompile 4 | . . . . . . . . . . . . . 1 . . . . 1 . 1 . . . . 1 . . . . . . . . . . . . . Repair Stations 8 | . . . . . . . . 1 . . . . 1 1 . . . 3 . 2 . . . . . . . . . . . . . . . . . . Patch 8 | . . . . . . . . 1 . . . . 1 1 . . . 3 . 2 . . . . . . . . . . . . . . . . . . Recycling Units 19 | . 2 . 1 . . . . 1 . . . . . . . . . 4 . 3 . . . . . . 7 . . . . . . . . . 1 . Monitor 1 | . . . . . . . . . . . . . . . . . . 1 . . . . . . . . . . . . . . . . . . . . Reject 5 | . . . . . . . . . . . . . . . . . . 1 . 1 . . . . . . 3 . . . . . . . . . . . Recyclers 1 | . . . . . . . . . . . . . . . . . . 1 . . . . . . . . . . . . . . . . . . . . Mask 9 | . . . . . . . . 1 . . . . . . . . . 1 . 2 . . . . . . 4 . . . . . . . . . 1 . Tunnel 3 | . 2 . 1 . . . . . . . . . . . . . . . . . . . . . . . . . . . . . . . . . . . Scanalyzers . | . . . . . . . . . . . . . . . . . . . . . . . . . . . . . . . . . . . . . . . Garrison Access . | . . . . . . . . . . . . . . . . . . . . . . . . . . . . . . . . . . . . . . . Data Cores Recovered 6 | . . . . . . . . 1 . . . . 1 . . . . 1 . 1 . . . . . . . . . . . . . . 1 . . 1 Used 2 | . . . . . . . . 1 . . . . . . . . . 1 . . . . . . . . . . . . . . . . . . . . Hacking Detections 131 | . 8 . 9 . 6 3 . 21 . . . . 14 5 . . 2 16 . 14 . . . . 5 . 6 . . . . 3 6 . 4 3 3 3 Full Trace Events 7 | . . . 1 . . . . 1 . . . . 2 . . . . . . . . . . . . . 1 . . . . 1 . . . 1 . . Feedback Events 1 | . . . . . . . . . . . . . . . . . . . . . . . . . . . 1 . . . . . . . . . . . Corruption 1 | . . . . . . . . . . . . . . . . . . . . . . . . . . . 1 . . . . . . . . . . . Feedback Blocked . | . . . . . . . . . . . . . . . . . . . . . . . . . . . . . . . . . . . . . . . Robot Schematics Acquired 16 | . . . . . . . . . . . 7 . . . . . . . . . . . . . . . . . . . . . 6 . 1 2 . . Robots Built . | . . . . . . . . . . . . . . . . . . . . . . . . . . . . . . . . . . . . . . . Authchips . | . . . . . . . . . . . . . . . . . . . . . . . . . . . . . . . . . . . . . . . Time . | . . . . . . . . . . . . . . . . . . . . . . . . . . . . . . . . . . . . . . . Total Robot Build Rating . | . . . . . . . . . . . . . . . . . . . . . . . . . . . . . . . . . . . . . . . Part Schematics Acquired 49 | . . . . . . . . 4 . . 12 . . . . . . 3 . . . . 4 . . . . . . . . 1 14 . 3 8 . . Parts Built 6 | . . . . . . . . . . . . . . . . . . 2 . 1 . . . . 2 . . . . . . 1 . . . . . . Authchips 3 | . . . . . . . . . . . . . . . . . . 2 . 1 . . . . . . . . . . . . . . . . . . Time 200 | . . . . . . . . . . . . . . . . . . 53 . 25 . . . . 46 . . . . . . 76 . . . . . . Total Part Build Rating 39 | . . . . . . . . . . . . . . . . . . 11 . 5 . . . . 18 . . . . . . 5 . . . . . . Parts Repaired 12 | . 3 . . . 1 . . 1 . . . . . . . . . 3 . . . . . . 2 . 2 . . . . . . . . . . . Time 665 | . 78 . . . 50 . . 56 . . . . . . . . . 135 . . . . . . 177 . 169 . . . . . . . . . . . Parts Recycled . | . . . . . . . . . . . . . . . . . . . . . . . . . . . . . . . . . . . . . . . Recycled Matter . | . . . . . . . . . . . . . . . . . . . . . . . . . . . . . . . . . . . . . . . Retrieved Matter . | . . . . . . . . . . . . . . . . . . . . . . . . . . . . . . . . . . . . . . . Retrieved Components 62 | . 11 . 18 . . . . 4 . . . . 4 3 . . . 3 . 8 . . . . . . 4 . . . . . . . . . . 7 Parts Scanalyzed 7 | . . . . . . . . 4 . . . . . . . . . 2 . . . . . . . . . . . . . 1 . . . . . . Part Schematics Acquired 7 | . . . . . . . . 4 . . . . . . . . . 2 . . . . . . . . . . . . . 1 . . . . . . Parts Damaged . | . . . . . . . . . . . . . . . . . . . . . . . . . . . . . . . . . . . . . . . Bothacking | -11 -10 -10 -9 -9 -8 -7 -7 -7 -7 -7 -7 -6 -6 -6 -6 -6 -6 -5 -5 -5 -5 -5 -5 -4 -4 -4 -4 -4 -4 -4 -3 -3 -3 -2 -2 -2 -1 -1 ------------ Run | Yrd Mat Min Mat Min Mat Fac Was Fac Low Low Dat Pro Fac Ext Cet Arc Hub Fac Was Fac Upp Upp Zhi Pro Fac Was Fac Upp Upp War Pro Res Qua Res Tes Frg Acc Com Used RIF Installer . | . . . . . . . . . . . . . . . . . . . . . . . . . . . . . . . . . . . . . . . Robots Hacked 4 | . . . . . . . . . . . . . . . . . . . . . . . . . . . . . . . . . . 3 . . . 1 Non-combat 1 | . . . . . . . . . . . . . . . . . . . . . . . . . . . . . . . . . . . . . . 1 Combat 3 | . . . . . . . . . . . . . . . . . . . . . . . . . . . . . . . . . . 3 . . . . Robot Hacks Applied 4 | . . . . . . . . . . . . . . . . . . . . . . . . . . . . . . . . . . 3 . . . 1 parse_system 3 | . . . . . . . . . . . . . . . . . . . . . . . . . . . . . . . . . . 3 . . . . find_recycling 1 | . . . . . . . . . . . . . . . . . . . . . . . . . . . . . . . . . . . . . . 1 Relay Couplers Released 1 | . . . . . . . . . . . . . . . . . . . . . . . . . . . . . . . . . . . . 1 . . Machine Destruction 1 | . . . . . . . . . . . . . . . . . . . . . . . . . . . . . . . . . . . . 1 . . Fabnet Peak Effective % . | . . . . . . . . . . . . . . . . . . . . . . . . . . . . . . . . . . . . . . . Robots Rewired 11 | . . . . . . . . . . . . . . 11 . . . . . . . . . . . . . . . . . . . . . . . . Allies Hacked . | . . . . . . . . . . . . . . . . . . . . . . . . . . . . . . . . . . . . . . . Hacks Repelled . | . . . . . . . . . . . . . . . . . . . . . . . . . . . . . . . . . . . . . . . Allies | -11 -10 -10 -9 -9 -8 -7 -7 -7 -7 -7 -7 -6 -6 -6 -6 -6 -6 -5 -5 -5 -5 -5 -5 -4 -4 -4 -4 -4 -4 -4 -3 -3 -3 -2 -2 -2 -1 -1 -------- Run | Yrd Mat Min Mat Min Mat Fac Was Fac Low Low Dat Pro Fac Ext Cet Arc Hub Fac Was Fac Upp Upp Zhi Pro Fac Was Fac Upp Upp War Pro Res Qua Res Tes Frg Acc Com Total Allies 46 | . . . . . . . 19 1 . . . . . 13 5 . . . 1 1 . . . . 1 1 1 3 . . . . . . . . . . Largest Group 19 | . . . . . . . 19 1 . . . . . 10 8 8 7 . 1 . . . . . 1 1 1 3 . . . . . . . . . . Highest-Rated Group 695 | . . . . . . . 465 10 . . . . . 275 695 695 524 . 31 . . . . . 26 46 10 138 . . . . . . . . . . Highest-Rated Ally 159 | . . . . . . . 35 10 . . . . . 159 159 159 96 . 31 . . . . . 26 46 10 46 . . . . . . . . . . Total Orders 3 | . . . . . . . . . . . . . . . . 1 2 . . . . . . . . . . . . . . . . . . . . . STAY 3 | . . . . . . . . . . . . . . . . 1 2 . . . . . . . . . . . . . . . . . . . . . Ally Attacks 295 | . . . . . . . 131 . . . . . . 54 61 16 6 . 4 . . . . . . 7 . 16 . . . . . . . . . . Total Damage 8297 | . . . . . . . 4169 . . . . . . 1445 1380 556 226 . 63 . . . . . . 120 . 338 . . . . . . . . . . Kills 29 | . . . . . . . 10 . . . . . . 8 5 3 1 . . . . . . . . . . 2 . . . . . . . . . . Allies Corrupted 5 | . . . . . . . . . . . . . . . . . 5 . . . . . . . . . . . . . . . . . . . . . Allies Melted 2 | . . . . . . . . . . . . . . . . . . . . . . . . . . . . . . 1 . . . 1 . . . . Intel | -11 -10 -10 -9 -9 -8 -7 -7 -7 -7 -7 -7 -6 -6 -6 -6 -6 -6 -5 -5 -5 -5 -5 -5 -4 -4 -4 -4 -4 -4 -4 -3 -3 -3 -2 -2 -2 -1 -1 ------- Run | Yrd Mat Min Mat Min Mat Fac Was Fac Low Low Dat Pro Fac Ext Cet Arc Hub Fac Was Fac Upp Upp Zhi Pro Fac Was Fac Upp Upp War Pro Res Qua Res Tes Frg Acc Com Active Infowar (turns) 13700 | 93 523 . . . . 134 159 1046 406 224 79 147 947 6 . . 321 1208 36 614 201 163 49 66 467 57 924 450 192 796 289 780 408 1097 650 1168 . . Optics 1309 | . . . . . . . . . . . . . 244 . . . . . . . . . . . 262 57 127 . . . . 619 . . . . . . Sensors 11797 | . . . . . . 1 . 926 406 224 79 147 947 6 . . 321 1208 36 614 201 163 49 66 467 57 898 450 192 796 289 591 371 1085 631 576 . . Terrain 572 | 49 523 . . . . . . . . . . . . . . . . . . . . . . . . . . . . . . . . . . . . . Seismic 939 | 93 434 . . . . 133 159 120 . . . . . . . . . . . . . . . . . . . . . . . . . . . . . . Cloaking 2132 | . . . . . . . . . . . . . . . . . . . . . . . . . . . . . . . . . . 1052 648 432 . . Jamming 3677 | . . . . . . . . . . . . . . . . . . . . . . . . . . . . . . . . 725 39 1095 650 1168 . . Robot Analysis Total 9 | . 2 . 1 . . . . . . . . . . . . . . . . . . . 4 . . . . . . . . . . . . 1 1 . Derelict Logs Recovered 19 | . . 3 . 1 . . . . 3 3 . 1 . . . . . . . . 2 2 . 2 . . . 2 . . . . . . . . . . Drone Launches . | . . . . . . . . . . . . . . . . . . . . . . . . . . . . . . . . . . . . . . . Drone Recoveries . | . . . . . . . . . . . . . . . . . . . . . . . . . . . . . . . . . . . . . . . Exploration | -11 -10 -10 -9 -9 -8 -7 -7 -7 -7 -7 -7 -6 -6 -6 -6 -6 -6 -5 -5 -5 -5 -5 -5 -4 -4 -4 -4 -4 -4 -4 -3 -3 -3 -2 -2 -2 -1 -1 ------------- Run | Yrd Mat Min Mat Min Mat Fac Was Fac Low Low Dat Pro Fac Ext Cet Arc Hub Fac Was Fac Upp Upp Zhi Pro Fac Was Fac Upp Upp War Pro Res Qua Res Tes Frg Acc Com Turns Passed 26314 | 159 1419 1726 1553 1315 1791 146 159 1048 414 224 79 147 947 1061 458 609 372 1320 36 877 201 163 49 66 467 57 988 450 207 1200 289 780 427 1097 650 1508 404 1451 Spaces Moved 36785 | 74 692 567 782 515 583 441 471 3016 884 861 193 356 2420 1049 256 283 187 3270 148 1831 773 560 161 244 736 89 1362 750 363 1425 321 1428 1015 2559 1512 2377 450 1781 Core 116 | 5 . . . . . . . . . . . . . . . . 1 . . . . . . . . . . . . . . . . . . . . 110 Treads 4120 | 69 692 567 782 515 583 . . . . . . . . . 186 283 186 . . . . . . . . . . . . . . . . . . . . 257 Legs 38 | . . . . . . . . . . . . . . . . . . . . . . . . . . . . . . . . . . . . . 38 . Wheels . | . . . . . . . . . . . . . . . . . . . . . . . . . . . . . . . . . . . . . . . Hover 14899 | . . . . . . . . . . . . . . . . . . . . . . . . . . 38 1285 750 363 1425 321 1428 1015 2559 1512 2377 412 1414 Flight 17612 | . . . . . . 441 471 3016 884 861 193 356 2420 1049 70 . . 3270 148 1831 773 560 161 244 736 51 77 . . . . . . . . . . . Fastest Speed 14 | 50 160 160 160 160 160 23 23 23 23 23 23 23 20 23 23 160 160 23 24 24 24 24 24 24 28 28 32 46 46 38 41 36 28 14 26 16 32 33 Average Speed 45 | 152 160 160 160 160 216 23 23 23 23 23 23 23 23 23 125 160 165 24 24 24 24 24 24 24 28 39 49 46 46 43 41 38 30 28 28 29 55 62 Slowest Speed 1150 | 160 160 160 160 160 480 23 93 96 23 23 23 23 98 23 750 160 1150 27 24 24 24 24 24 29 29 56 104 46 46 109 41 106 100 86 32 103 250 300 Overloaded Moves 91 | . . . . . . . . . . . . . 4 . . . . . . . . . . . . . . . . . . . . 53 . 34 . . Propulsion Burnouts . | . . . . . . . . . . . . . . . . . . . . . . . . . . . . . . . . . . . . . . . Robots Hopped 58 | . . . . . . 3 . 10 1 . . . 20 5 . . . 5 2 7 . . . 4 1 . . . . . . . . . . . . . Potential Cave-ins 5 | . . . . . . . . . . . . 3 . . . . . . . . . . . . . . . . . 2 . . . . . . . . Cave-ins Triggered . | . . . . . . . . . . . . . . . . . . . . . . . . . . . . . . . . . . . . . . . Teleports 26 | . . . . . . . . . . . . . . . . . . . . . . . . . . . . . . . . . 2 . . 2 3 19 Exploration Rate (%) 64 | 4 97 97 81 98 64 17 95 71 96 98 81 57 64 86 70 79 40 53 96 43 84 72 61 46 22 77 32 84 56 91 51 29 93 55 94 42 11 45 Regions Visited 38 Branch Regions 22 Pre-discovered Areas 20 | . 3 1 1 2 4 . . 3 . . 1 . . . . . . . . . . 2 3 . . . . . . . . . . . . . . . Known Exits Taken 31 | . 1 1 1 1 1 . . 1 1 1 1 1 1 1 1 1 1 . . 1 1 1 1 1 . . 1 1 1 1 1 1 1 1 1 1 1 . Unknown Exits Taken 1 | 1 . . . . . . . . . . . . . . . . . . . . . . . . . . . . . . . . . . . . . . Scrap Searched 23 | . . 1 . 1 . . . . 2 6 . 3 . . . . . . . . 4 2 . . . . . 2 2 . . . . . . . . . Spaces Dug 293 | . 2 . 3 . 1 1 2 13 15 6 . 2 26 . . . 1 46 . 28 5 10 . . 10 . 15 16 4 14 2 4 5 14 12 6 4 26 Terrain Destroyed 689 | . 2 . 5 . 51 1 2 16 15 6 . 9 26 . 1 2 7 46 . 28 5 10 . . 10 34 16 49 4 121 5 26 10 66 12 8 27 69 Melee 239 | . . . 3 . . 1 2 13 15 6 . 2 26 . . . 1 46 . 28 5 10 . . 10 . 15 8 4 1 . . 2 11 12 5 4 9 Projectile 175 | . 2 . . . 8 . . 3 . . . 7 . . 1 2 6 . . . . . . . . . 1 2 . 48 5 26 8 3 . 3 4 46 AOE 275 | . . . 2 . 43 . . . . . . . . . . . . . . . . . . . . 34 . 39 . 72 . . . 52 . . 19 14 Terrain Rammed 1 | . . . . . . . . . . . . . . . . . . . . . . . . . . . . . . . . . . . . . . 1 Walls Destroyed . | . . . . . . . . . . . . . . . . . . . . . . . . . . . . . . . . . . . . . . . Machines Disabled . | . . . . . . . . . . . . . . . . . . . . . . . . . . . . . . . . . . . . . . . Actions | -11 -10 -10 -9 -9 -8 -7 -7 -7 -7 -7 -7 -6 -6 -6 -6 -6 -6 -5 -5 -5 -5 -5 -5 -4 -4 -4 -4 -4 -4 -4 -3 -3 -3 -2 -2 -2 -1 -1 --------- Run | Yrd Mat Min Mat Min Mat Fac Was Fac Low Low Dat Pro Fac Ext Cet Arc Hub Fac Was Fac Upp Upp Zhi Pro Fac Was Fac Upp Upp War Pro Res Qua Res Tes Frg Acc Com Total 44539 | 96 897 1363 952 987 922 477 518 3303 1077 882 219 402 2754 1822 374 406 233 3705 145 2188 781 576 170 243 978 103 1594 827 390 1834 472 1597 1097 2832 1689 3044 563 2027 Wait 4748 | . 106 767 29 458 181 6 32 201 164 14 4 22 196 569 63 81 22 269 . 237 . . . . 201 4 120 40 15 231 146 63 7 144 56 225 6 69 Move 36645 | 73 691 566 781 514 582 435 470 2995 881 860 192 355 2383 1039 255 282 186 3260 144 1818 772 559 160 238 734 88 1361 749 362 1424 320 1427 1014 2558 1511 2376 449 1781 Hop 48 | . . . . . . 3 . 10 1 . . . 16 4 . . . 5 1 5 . . . 2 1 . . . . . . . . . . . . . Pick Up 230 | 3 13 6 15 1 16 4 3 6 . . 3 . 1 3 7 3 . 12 . 9 1 2 3 . 5 . 13 4 . 14 . 14 9 7 9 24 6 14 Fast Attach 237 | 7 6 . 3 . 9 3 3 11 . . . . 11 . 8 4 1 10 . 1 . . 1 . 11 2 8 3 . 15 . 9 9 2 8 40 21 31 Attach 103 | . 1 . 2 . 5 10 1 2 . . . . . . 1 . 1 15 . 2 . . . . 3 . . 1 . 8 . 2 1 3 . 22 9 14 Detach 84 | . 2 . 1 . 2 3 2 4 . . . . 2 . 10 2 . 3 . 1 . . . . 3 . 1 1 . 9 . 1 1 1 . 15 7 13 Swap 318 | . 7 2 15 1 11 . . 10 2 . . 6 9 2 2 8 5 20 . 23 . 1 3 . 2 1 19 7 4 21 1 19 18 32 21 37 3 6 Drop 310 | 1 8 7 22 . 11 8 5 8 . . 3 . 16 3 3 4 . 13 . 8 1 2 3 . 8 3 13 4 1 24 . 25 13 8 19 29 10 27 Fire 614 | 12 49 12 62 12 95 . . 8 . . . 11 . . 16 10 9 . . . . . . . . 5 2 7 . 87 5 37 20 56 2 57 7 33 Melee 906 | . . . 3 . . 5 2 48 29 8 17 8 66 82 9 12 1 91 . 84 7 12 . 3 10 . 57 11 8 1 . . 5 21 63 161 44 38 Ram 1 | . . . . . . . . . . . . . . . . . . . . . . . . . . . . . . . . . . . . . . 1 Kick 1 | . . . . . . . . . . . . . . . . . . . . . . . . . . . . . . . . . . . . . 1 . Crush 55 | . 14 3 19 1 10 . . . . . . . . . . . 8 . . . . . . . . . . . . . . . . . . . . . Escape Stasis 130 | . . . . . . . . . . . . . 54 11 . . . 7 . . . . . . . . . . . . . . . . . 58 . . Rewire 109 | . . . . . . . . . . . . . . 109 . . . . . . . . . . . . . . . . . . . . . . . . Trap . | . . . . . . . . . . . . . . . . . . . . . . . . . . . . . . . . . . . . . . . Miscellaneous . | . . . . . . . . . . . . . . . . . . . . . . . . . . . . . . . . . . . . . . . Route ------- -11/Scrapyard -10/Materials (discovered 5 exits: *Mat x3 / *Min x2) -10/Mines (discovered 4 exits: *Mat x2 / [*Exi] / [*Sub]) -9/Materials (discovered 4 exits: *Mat x3 / *Min) -9/Mines (discovered 2 exits: *Mat x2) -8/Materials (discovered 3 exits: *Fac x3) -7/Factory -7/Waste -7/Factory (discovered 6 exits: *Fac x3 / Sto / *Low x2) -7/Lower Caves -7/Lower Caves (discovered 2 exits: *Fac / *Dat) -7/Data Miner -6/Proximity Caves -6/Factory (discovered 8 exits: *Fac x4 / *Low x2 / *Ext x2) -6/Extension (discovered 2 exits: *Fac / *Cet) -6/Cetus (discovered 2 exits: *Fac / *Arc) -6/Archives (discovered 2 exits: *Hub x2) -6/Hub_04(d) (discovered 2 exits: *Fac x2) -5/Factory (discovered 4 exits: *Fac x3 / *Upp) -5/Waste -5/Factory (discovered 6 exits: *Fac x4 / *Upp x2) -5/Upper Caves -5/Upper Caves (discovered 2 exits: *Fac / *Zhi) -5/Zhirov -4/Proximity Caves -4/Factory -4/Waste -4/Factory (discovered 2 exits: *Upp x2) -4/Upper Caves -4/Upper Caves (discovered 2 exits: *Res / *War) -4/Warlord -3/Proximity Caves -3/Research (discovered 3 exits: Res / *Qua x2) -3/Quarantine -2/Research (discovered 2 exits: *Acc / *Tes) -2/Testing (discovered 3 exits: *Acc / [*Sec] / *Frg) -2/Protoforge -1/Access -1/Command History --------- Turn | Location | Event 13 | -11/Scrapyard | Discovered new exit (range 16) 160 | -11/Scrapyard | Entered Materials 300 | -10/Materials | Discovered new exit (range 12) 315 | -10/Materials | Build established: Mutant 490 | -10/Materials | Repaired Lgt. Treads 518 | -10/Materials | Repaired Lgt. Treads 679 | -10/Materials | Discovered new exit (range 12) 986 | -10/Materials | Discovered new exit (range 16) 1056 | -10/Materials | Identified exit to Mines 1124 | -10/Materials | Identified exit to Materials 1176 | -10/Materials | Discovered exit to Materials (range 16) 1184 | -10/Materials | Learned Storage emergency access door positions 1232 | -10/Materials | Learned Storage security intel 1271 | -10/Materials | Learned Storage security intel 1301 | -10/Materials | Learned Storage trap positions 1489 | -10/Materials | Repaired Lgt. Treads 1579 | -10/Materials | Entered Mines 1609 | -10/Mines | Found the Drone Emporium 1618 | -10/Mines | Found Prototype Device 1695 | -10/Mines | Discovered exit to Materials (range 9) 1728 | -10/Mines | Learned 2 Materials zone layouts 1756 | -10/Mines | Assembled infested the area 1761 | -10/Mines | Assisted by a Guerilla fighting off Assembled 2747 | -10/Mines | Met a Derelict shopkeep closing up shop 2805 | -10/Mines | Learned Materials emergency access door positions 2860 | -10/Mines | Core integrity fell below 50% 3010 | -10/Mines | Discovered exit to Materials (range 9) 3055 | -10/Mines | Deemed a non-threat by the Exiles lab entrance 3055 | -10/Mines | Discovered new exit (range 5) 3102 | -10/Mines | Learned location of Recycling (-7) 3185 | -10/Mines | Discovered new exit (range 15) 3305 | -10/Mines | Entered Materials 3305 | -9/Materials | Evolved 2 slots: Propulsion x1, Utility x1 3605 | -9/Materials | Build established: Scavenger-Mutant 3625 | -9/Materials | Discovered new exit (range 12) 3786 | -9/Materials | Discovered new exit (range 9) 4072 | -9/Materials | Identified exit to Mines 4356 | -9/Materials | Discovered new exit (range 15) 4391 | -9/Materials | Learned Storage security intel 4435 | -9/Materials | Build established: Mutant 4466 | -9/Materials | Learned Storage stockpile data 4533 | -9/Materials | Learned Materials emergency access door positions 4588 | -9/Materials | Identified exit to Materials 4632 | -9/Materials | Learned 2 Storage zone layouts 4668 | -9/Materials | Learned location of 1 exit from Recycling 4712 | -9/Materials | Learned location of 2 exits from Materials 4858 | -9/Materials | Entered Mines 4935 | -9/Mines | Found a damaged Exp. Sensor Array with a note attached 4938 | -9/Mines | Found Prototype Device 5052 | -9/Mines | Learned location of Storage (-7) 5778 | -9/Mines | Core integrity fell below 50% 5780 | -9/Mines | Destroyed YI-UF0 6040 | -9/Mines | Discovered exit to Materials (range 11) 6053 | -9/Mines | Discovered exit to Materials (range 4) 6173 | -9/Mines | Entered Materials 6173 | -8/Materials | Evolved 2 slots: Propulsion x1, Utility x1 6174 | -8/Materials | Identified exit to Factory 6395 | -8/Materials | Repaired Fission Core 6959 | -8/Materials | Build established: Scavenger-Mutant 7259 | -8/Materials | Learned Factory emergency access door positions 7286 | -8/Materials | Learned location of Zion (-6) 7585 | -8/Materials | Garrison activated, responded to threat 7875 | -8/Materials | Destroyed 7 combat bots 7916 | -8/Materials | Garrison activated, responded to threat 7931 | -8/Materials | Core integrity fell below 50% 7948 | -8/Materials | Lost 8 parts (1p4n1u2w) 7964 | -8/Materials | Entered Factory 7964 | -7/Factory | Evolved 2 slots: Propulsion x1, Utility x1 7965 | -7/Factory | Identified exit to Storage 7974 | -7/Factory | Identified Decoy Drone Bay 7975 | -7/Factory | Identified Exp. Sensor Array 8110 | -7/Factory | Sucked down chute 8110 | -7/Factory | Entered Waste 8119 | -7/Waste | Spotted C-40 Crusher 8123 | -7/Waste | Spotted C-40 Crusher 8123 | -7/Waste | Spotted C-40 Crusher 8128 | -7/Waste | Spotted C-40 Crusher 8131 | -7/Waste | Spotted C-40 Crusher 8131 | -7/Waste | Discovered new exit (range 14) 8157 | -7/Waste | Spotted C-40 Crusher 8171 | -7/Waste | Warlord forces began an assault 8219 | -7/Waste | Found Broken Imp. Powered Armor 8251 | -7/Waste | Allies destroyed C-40 Crusher 8256 | -7/Waste | Allies destroyed C-40 Crusher 8260 | -7/Waste | Build established: Sprinter 8269 | -7/Waste | Entered Factory 8278 | -7/Factory | Identified exit to Lower Caves 8285 | -7/Factory | Lost 7 allies 8530 | -7/Factory | Learned Hub_04(d) non-interactive machine intel 8591 | -7/Factory | Identified exit to Factory 8615 | -7/Factory | Learned Extension emergency access door positions 8621 | -7/Factory | Learned location of Upper Caves (-4) 8876 | -7/Factory | Discovered exit to Factory (range 15) 8918 | -7/Factory | Discovered exit to Factory (range 16) 9183 | -7/Factory | Repaired Imp. Powered Armor 9317 | -7/Factory | Entered Lower Caves 9318 | -7/Lower Caves | Identified exit to Lower Caves 9422 | -7/Lower Caves | Attracted the attention of an 0b10 checkpoint 9469 | -7/Lower Caves | Learned location of 1 exit from Factory 9697 | -7/Lower Caves | Learned location of 1 exit from Factory 9731 | -7/Lower Caves | Entered another Lower Caves area 9741 | -7/Lower Caves | Discovered exit to Factory (range 11) 9841 | -7/Lower Caves | Encountered a Warlord checkpoint 9843 | -7/Lower Caves | Learned Factory stockpile data 9844 | -7/Lower Caves | Learned Factory emergency access door positions 9898 | -7/Lower Caves | Learned 12 Factory zone layouts 9929 | -7/Lower Caves | Discovered new exit (range 8) 9936 | -7/Lower Caves | Identified exit to Data Miner 9955 | -7/Lower Caves | Entered Data Miner 9955 | -7/Data Miner | Discovered new exit (range 6) 9960 | -7/Data Miner | Met Data Miner 9966 | -7/Data Miner | Learned location of Section 7 (-2) 9966 | -7/Data Miner | Acquired the access code to Warlord's prototype stash 9968 | -7/Data Miner | Received God Mode back door access code from Data Miner 10000 | -7/Data Miner | Data Conduit disabled 10033 | -7/Data Miner | Identified exit to Proximity Caves 10034 | -7/Data Miner | Entered Proximity Caves 10154 | -6/Proximity Caves | Spotted B-75 Beast 10181 | -6/Proximity Caves | Entered Factory 10181 | -6/Factory | Evolved 2 slots: Utility x2 10182 | -6/Factory | Identified exit to Lower Caves 10183 | -6/Factory | Identified exit to Factory 10235 | -6/Factory | Discovered new exit (range 10) 10547 | -6/Factory | Discovered exit to Lower Caves (range 9) 10711 | -6/Factory | Discovered exit to Factory (range 15) 10733 | -6/Factory | Identified exit to Extension 11128 | -6/Factory | Entered Extension 11236 | -6/Extension | Destroyed 7 combat bots 11762 | -6/Extension | Build established: Commander-Sprinter 11789 | -6/Extension | Spotted B-75 Beast 11810 | -6/Extension | Spotted B-75 Beast 11811 | -6/Extension | Allies destroyed B-75 Beast 11822 | -6/Extension | Destroyed B-75 Beast 11857 | -6/Extension | Lost 3 allies 11901 | -6/Extension | Rescued A7 11928 | -6/Extension | Rescued a captive Derelict 11961 | -6/Extension | Discovered exit to Factory (range 10) 11962 | -6/Extension | Discovered new exit (range 6) 11963 | -6/Extension | Identified exit to Cetus 12128 | -6/Extension | Build established: Sprinter 12189 | -6/Extension | Entered Cetus 12189 | -6/Cetus | Accompanied by 5 allies (A7) 12194 | -6/Cetus | Acquired a Cetus Manufacturing Module code from A7 12197 | -6/Cetus | Spotted Cetus Guard 12198 | -6/Cetus | Spotted Cetus Guard 12198 | -6/Cetus | Spotted Cetus Guard 12207 | -6/Cetus | Spotted Cetus Guard 12210 | -6/Cetus | Destroyed Cetus Guard 12215 | -6/Cetus | Allies destroyed Cetus Guard 12219 | -6/Cetus | Allies destroyed Cetus Guard 12219 | -6/Cetus | Destroyed Cetus Guard 12402 | -6/Cetus | Escorted A7 to Cetus Mainframe 12416 | -6/Cetus | Started Cetus Manufacturing Module 12435 | -6/Cetus | Discovered new exit (range 15) 12441 | -6/Cetus | Manufactured an Enhanced Grunt 12461 | -6/Cetus | Spotted Cetus Guard 12461 | -6/Cetus | Spotted Cetus Guard 12466 | -6/Cetus | Manufactured an Enhanced Grunt 12466 | -6/Cetus | Spotted Cetus Guard 12474 | -6/Cetus | Destroyed Cetus Guard 12477 | -6/Cetus | Allies destroyed Cetus Guard 12477 | -6/Cetus | Spotted Cetus Guard 12484 | -6/Cetus | Destroyed Cetus Guard 12491 | -6/Cetus | Manufactured an Enhanced Grunt 12493 | -6/Cetus | Allies destroyed Cetus Guard 12504 | -6/Cetus | Discovered exit to Factory (range 16) 12512 | -6/Cetus | Met Revision 17 12516 | -6/Cetus | Manufactured an Enhanced Grunt 12537 | -6/Cetus | Build established: Scavenger-Mutant 12541 | -6/Cetus | Manufactured an Enhanced Grunt 12589 | -6/Cetus | Identified exit to Archives 12647 | -6/Cetus | Entered Archives 12647 | -6/Archives | Accompanied by 8 allies (A7) 12652 | -6/Archives | Received a hacking code to weaken MAIN.C 12718 | -6/Archives | Discovered new exit (range 13) 12800 | -6/Archives | Discovered new exit (range 15) 12933 | -6/Archives | Identified exit to Hub_04(d) 13256 | -6/Archives | Entered Hub_04(d) 13256 | -6/Hub_04(d) | Accompanied by 7 allies 13257 | -6/Hub_04(d) | Loaded intel: 76 non-interactive machine locations 13488 | -6/Hub_04(d) | Network Hub disabled 13490 | -6/Hub_04(d) | Network Hub disabled 13552 | -6/Hub_04(d) | Lost 7 allies 13567 | -6/Hub_04(d) | Spotted Lightning 13569 | -6/Hub_04(d) | Spotted Lightning 13571 | -6/Hub_04(d) | Spotted Lightning 13586 | -6/Hub_04(d) | System corruption reached 10% 13588 | -6/Hub_04(d) | Discovered exit to Factory (range 12) 13600 | -6/Hub_04(d) | Core integrity fell below 50% 13607 | -6/Hub_04(d) | Discovered exit to Factory (range 9) 13625 | -6/Hub_04(d) | Garrison activated, responded to threat 13628 | -6/Hub_04(d) | Entered Factory 13628 | -5/Factory | Evolved 2 slots: Propulsion x1, Utility x1 13657 | -5/Factory | Lost 3 parts (1p1n1w) 13679 | -5/Factory | Discovered new exit (range 4) 13680 | -5/Factory | Identified exit to Upper Caves 13948 | -5/Factory | Discovered new exit (range 15) 13954 | -5/Factory | Identified exit to Factory 14045 | -5/Factory | Fabricated Cld. Cesium-ion Thruster (x1) 14101 | -5/Factory | Build established: Hacker-Sprinter 14210 | -5/Factory | Fabricated Plasma Sword? 14230 | -5/Factory | Repaired Broken Plasma Sword 14341 | -5/Factory | Discovered exit to Factory (range 8) 14399 | -5/Factory | Repaired Imp. Cesium-ion Thruster 14402 | -5/Factory | Spotted B-75 Beast 14445 | -5/Factory | Repaired Plasma Sword 14694 | -5/Factory | Discovered exit to Factory (range 7) 14948 | -5/Factory | Sucked down chute 14948 | -5/Factory | Entered Waste 14949 | -5/Waste | Met a frightened Derelict 14955 | -5/Waste | Spotted C-40 Crusher 14958 | -5/Waste | Spotted C-40 Crusher 14959 | -5/Waste | Spotted C-40 Crusher 14963 | -5/Waste | EMP discharged 14977 | -5/Waste | Spotted C-40 Crusher 14977 | -5/Waste | Spotted C-40 Crusher 14979 | -5/Waste | Spotted C-40 Crusher 14982 | -5/Waste | Discovered new exit (range 10) 14984 | -5/Waste | Identified exit to Factory 14984 | -5/Waste | Entered Factory 15015 | -5/Factory | Discovered exit to Factory (range 15) 15071 | -5/Factory | Build established: Sprinter 15221 | -5/Factory | Found Heavy Servo Lattice 15377 | -5/Factory | Spotted B-75 Beast 15430 | -5/Factory | Fabricated Cld. Cesium-ion Thruster (x1) 15616 | -5/Factory | Learned Research emergency access door positions 15669 | -5/Factory | Learned Testing stockpile data 15674 | -5/Factory | Cargo convoy interrupted 15743 | -5/Factory | Loaded intel: 105 trap records 15763 | -5/Factory | Learned location of 1 exit from Quarantine 15775 | -5/Factory | Learned Research terminal intel 15861 | -5/Factory | Entered Upper Caves 15862 | -5/Upper Caves | Identified exit to Upper Caves 15906 | -5/Upper Caves | Learned 8 Factory zone layouts 15918 | -5/Upper Caves | Encountered a Warlord checkpoint 15940 | -5/Upper Caves | Learned Factory interactive machine intel 16062 | -5/Upper Caves | Entered another Upper Caves area 16084 | -5/Upper Caves | Discovered exit to Factory (range 4) 16119 | -5/Upper Caves | Spotted B-75 Beast 16152 | -5/Upper Caves | Found Alien Artifact 16215 | -5/Upper Caves | Discovered new exit (range 3) 16215 | -5/Upper Caves | Identified exit to Zhirov 16225 | -5/Upper Caves | Entered Zhirov 16225 | -5/Zhirov | Discovered new exit (range 3) 16230 | -5/Zhirov | Met Zhirov 16235 | -5/Zhirov | Learned location of Quarantine (-3) 16235 | -5/Zhirov | Learned location of Testing (-2) 16235 | -5/Zhirov | Learned location of Command (-1) 16237 | -5/Zhirov | Zhirov requested help retrieving the SGEMP Prototype 16242 | -5/Zhirov | Found Alien Artifact 16242 | -5/Zhirov | Identified Integrated Dissipator 16242 | -5/Zhirov | Installed Integrated Dissipator, increased core heat dissipation (+20) 16260 | -5/Zhirov | Found Alien Artifact 16274 | -5/Zhirov | Identified exit to Proximity Caves 16274 | -5/Zhirov | Entered Proximity Caves 16276 | -4/Proximity Caves | Learned Research emergency access door positions 16283 | -4/Proximity Caves | Learned 12 Research zone layouts 16330 | -4/Proximity Caves | Attracted the attention of an 0b10 outpost 16333 | -4/Proximity Caves | Discovered exit to Factory (range 12) 16340 | -4/Proximity Caves | Entered Factory 16340 | -4/Factory | Evolved 2 slots: Power x1, Propulsion x1 16342 | -4/Factory | Loaded intel: 52 interactive machine locations 16442 | -4/Factory | Repaired Broken Imp. Cesium-ion Thruster 16532 | -4/Factory | Repaired Plasma Sword 16611 | -4/Factory | Fabricated Lgt. Quantum Reactor (x2) 16807 | -4/Factory | Manually triggered Chute Trap 16807 | -4/Factory | Sucked down chute 16807 | -4/Factory | Entered Waste 16808 | -4/Waste | Met a frightened Derelict 16812 | -4/Waste | Spotted C-40 Crusher 16814 | -4/Waste | Spotted C-40 Crusher 16825 | -4/Waste | Spotted C-40 Crusher 16833 | -4/Waste | Spotted C-40 Crusher 16834 | -4/Waste | Spotted C-40 Crusher 16837 | -4/Waste | Discovered new exit (range 13) 16848 | -4/Waste | Identified exit to Factory 16864 | -4/Waste | Entered Factory 16903 | -4/Factory | Build established: Scout 17255 | -4/Factory | Repaired Cmb. Linear Gravjet 17314 | -4/Factory | Build established: Gladiator 17403 | -4/Factory | P-70 Sage assimilated allied Technician 7a 17531 | -4/Factory | Repaired Broken Antigrav Array 17632 | -4/Factory | Discovered new exit (range 7) 17634 | -4/Factory | Identified exit to Upper Caves 17698 | -4/Factory | Discovered exit to Upper Caves (range 6) 17740 | -4/Factory | Found Heavy Servo Lattice 17746 | -4/Factory | Found Hvy. Reflective Plating 17852 | -4/Factory | Entered Upper Caves 17897 | -4/Upper Caves | Entered an active Warlord outpost 17899 | -4/Upper Caves | Learned location of 1 exit from Research 17900 | -4/Upper Caves | A Commander dispatched an escort 17906 | -4/Upper Caves | Learned Research trap positions 17906 | -4/Upper Caves | Learned Research terminal intel 17912 | -4/Upper Caves | Destroyed Y9-L41(g) 17950 | -4/Upper Caves | Learned Research garrison access intel 18021 | -4/Upper Caves | Found Alien Artifact 18021 | -4/Upper Caves | Identified Core Expander 18021 | -4/Upper Caves | Installed Core Expander, added new Power slot 18085 | -4/Upper Caves | Encountered a Warlord checkpoint 18191 | -4/Upper Caves | Attracted the attention of an 0b10 checkpoint 18259 | -4/Upper Caves | Discovered new exit (range 8) 18285 | -4/Upper Caves | Identified exit to Upper Caves 18302 | -4/Upper Caves | Entered another Upper Caves area 18302 | -4/Upper Caves | Accompanied by 3 allies 18303 | -4/Upper Caves | Commander's escort returned to base 18303 | -4/Upper Caves | Commander's escort returned to base 18303 | -4/Upper Caves | Commander's escort returned to base 18306 | -4/Upper Caves | Discovered new exit (range 10) 18359 | -4/Upper Caves | Attracted the attention of an 0b10 checkpoint 18483 | -4/Upper Caves | Acquired the password to a Derelict Tinkerer's latest research 18488 | -4/Upper Caves | Discovered new exit (range 11) 18495 | -4/Upper Caves | Identified exit to Warlord 18509 | -4/Upper Caves | Entered Warlord 18525 | -4/Warlord | System corruption cleaned by Quarantine Array 18764 | -4/Warlord | Opened Warlord's prototype stash 18766 | -4/Warlord | Found Prototype Reactor 18766 | -4/Warlord | Identified Vortex Chain Reactor 18776 | -4/Warlord | Found Prototype Device 18776 | -4/Warlord | Identified Thermal Barrier 18792 | -4/Warlord | Found Exp. Targeting Computer 18797 | -4/Warlord | Found Prototype Hackware 18800 | -4/Warlord | Identified System Mapper 18809 | -4/Warlord | Warlord's base attacked by MAIN.C 18831 | -4/Warlord | Met Warlord 18853 | -4/Warlord | Found Prototype Energy Gun 18853 | -4/Warlord | Identified Vortex Rifle 18859 | -4/Warlord | Found Prototype Energy Gun 18859 | -4/Warlord | Identified Vortex Shotgun 18872 | -4/Warlord | Found Vortex Shotgun 18883 | -4/Warlord | Found Vortex Rifle 19108 | -4/Warlord | Warlord forces counterattacked 19119 | -4/Warlord | Lost 3 allies 19135 | -4/Warlord | Spotted Striker 19160 | -4/Warlord | Spotted Executioner 19161 | -4/Warlord | Spotted Executioner 19187 | -4/Warlord | Destroyed 8 combat bots 19213 | -4/Warlord | Spotted Striker 19225 | -4/Warlord | Spotted Executioner 19241 | -4/Warlord | Destroyed Executioner 19255 | -4/Warlord | Found Prototype Processor 19258 | -4/Warlord | Identified Exp. Core Analyzer 19261 | -4/Warlord | Found Exp. Targeting Computer 19265 | -4/Warlord | Destroyed 9 combat bots 19271 | -4/Warlord | Lost 15 allies 19362 | -4/Warlord | Lost 12 allies 19437 | -4/Warlord | Build established: Scavenger-Mutant 19484 | -4/Warlord | Warlord base infiltrated, sounded retreat 19486 | -4/Warlord | Destroyed B-90 Cyclops 19492 | -4/Warlord | Spotted B-86 Titan 19493 | -4/Warlord | Destroyed B-86 Titan 19546 | -4/Warlord | Lost 7 allies 19569 | -4/Warlord | Discovered new exit (range 12) 19579 | -4/Warlord | Identified exit to Proximity Caves 19709 | -4/Warlord | Entered Proximity Caves 19775 | -3/Proximity Caves | Discovered new exit (range 12) 19935 | -3/Proximity Caves | Received a Behemoth hack from an annoying Tinkerer 19998 | -3/Proximity Caves | Identified exit to Research 19998 | -3/Proximity Caves | Entered Research 19998 | -3/Research | Evolved 2 slots: Propulsion x1, Weapon x1 19999 | -3/Research | Identified exit to Research 20001 | -3/Research | Loaded intel: 58 trap records 20003 | -3/Research | Loaded intel: 23 terminal locations 20004 | -3/Research | Loaded intel: 3 garrison access locations 20028 | -3/Research | Identified exit to Quarantine 20088 | -3/Research | Spotted B-86 Titan 20198 | -3/Research | Revision forces began assault on 0b10 20243 | -3/Research | Met up with Revision 17++ 20287 | -3/Research | Spotted B-86 Titan 20307 | -3/Research | Found Gamma Bomb Array 20557 | -3/Research | Fabricated Gravity Neutralizer (x1) 20698 | -3/Research | Research terminal network offline 20778 | -3/Research | Entered Quarantine 20813 | -3/Quarantine | Cryocooling Duct disabled 20813 | -3/Quarantine | Cryocooling Duct disabled 20828 | -3/Quarantine | Ambient heat levels rising (+40) 20828 | -3/Quarantine | Non-combat units ordered to evacuate 20828 | -3/Quarantine | Combat units ordered to evacuate 20925 | -3/Quarantine | Found Alien Slashing Weapon 20925 | -3/Quarantine | Identified Sigix Broadsword 20928 | -3/Quarantine | Quarantine Guard activated 20952 | -3/Quarantine | Found Prototype Processor 20952 | -3/Quarantine | Identified Exp. Signal Interpreter 20963 | -3/Quarantine | Found Mni. Smartbomb Launcher 20986 | -3/Quarantine | Spotted Quarantine Guard 21000 | -3/Quarantine | Spotted Quarantine Guard 21019 | -3/Quarantine | Found Alien Artifact 21019 | -3/Quarantine | Identified Dimensional Node Initializer (x2) 21019 | -3/Quarantine | Initialized slip node 21024 | -3/Quarantine | Found Alien Artifact 21024 | -3/Quarantine | Identified Hpw. Transdimensional Reconstructor 21024 | -3/Quarantine | Warped through subspace to slip node 21032 | -3/Quarantine | Found Hpw. Transdimensional Reconstructor 21034 | -3/Quarantine | Found Hpw. Transdimensional Reconstructor 21038 | -3/Quarantine | Spotted Quarantine Guard 21046 | -3/Quarantine | Destroyed Quarantine Guard 21064 | -3/Quarantine | Spotted Quarantine Guard 21071 | -3/Quarantine | Destroyed Quarantine Guard 21140 | -3/Quarantine | Spotted Quarantine Guard 21168 | -3/Quarantine | Found Alien Artifact 21181 | -3/Quarantine | Found Alien Artifact 21181 | -3/Quarantine | Identified Transdimensional Reconstructor (x2) 21181 | -3/Quarantine | Warped through subspace to slip node 21201 | -3/Quarantine | Spotted Alpha 7 21205 | -3/Quarantine | Entered Research 21205 | -2/Research | Warlord forces began assault on 0b10 21205 | -2/Research | Evolved 2 slots: Utility x2 21207 | -2/Research | Loaded intel: 23 terminal locations 21315 | -2/Research | Research machine network offline 21358 | -2/Research | Met up with Warlord 21383 | -2/Research | Spotted B-90 Cyclops 21405 | -2/Research | Discovered new exit (range 14) 21470 | -2/Research | Destroyed Striker 21477 | -2/Research | Spotted Striker 21481 | -2/Research | Build established: Infiltrator-Sprinter 21488 | -2/Research | Lost 4 allies 21497 | -2/Research | Spotted LO-DBP(L) 21507 | -2/Research | Identified exit to Testing 21609 | -2/Research | Borebot progress halted 21614 | -2/Research | Met DD-05H 21677 | -2/Research | Borebot progress halted 21701 | -2/Research | Borebot progress halted 21826 | -2/Research | Spotted B-90 Cyclops 21856 | -2/Research | Lost 3 allies 21867 | -2/Research | Spotted Executioner 21872 | -2/Research | Destroyed Executioner 21883 | -2/Research | System corruption reached 10% 21938 | -2/Research | Spotted Striker 21984 | -2/Research | Spotted Striker 21987 | -2/Research | Destroyed Striker 22066 | -2/Research | Discovered new exit (range 12) 22068 | -2/Research | Identified exit to Access 22269 | -2/Research | Warlord invited to help at Command 22269 | -2/Research | Given Cave Seal Controls access code 22273 | -2/Research | Found Exp. Core Analyzer 22276 | -2/Research | Found Prototype Device 22276 | -2/Research | Identified Adv. Kinecellerator 22302 | -2/Research | Entered Testing 22351 | -2/Testing | Found Prototype Energy Gun 22351 | -2/Testing | Identified Warp Gun 22373 | -2/Testing | Found Prototype Energy Cannon 22373 | -2/Testing | Identified Hpw. Disruptor Cannon 22402 | -2/Testing | Found Femtoactuators 22439 | -2/Testing | Found Prototype Device 22439 | -2/Testing | Identified 2N-1CE's Frost Array 22540 | -2/Testing | Discovered exit to Access (range 12) 22562 | -2/Testing | Found Quantum Capacitor 22625 | -2/Testing | Build established: Scavenger-Sprinter 22698 | -2/Testing | Found Prototype Device 22698 | -2/Testing | Identified Exp. Hardlight Generator 22867 | -2/Testing | Found Prototype Ballistic Cannon 22867 | -2/Testing | Identified Omega Cannon 22928 | -2/Testing | Spotted Fortress 22948 | -2/Testing | Discovered new exit (range 6) 22948 | -2/Testing | Discovered new exit (range 6) 22949 | -2/Testing | Identified exit to Protoforge 22952 | -2/Testing | Entered Protoforge 23038 | -2/Protoforge | Superfortress began startup sequence 23118 | -2/Protoforge | Discovered exit to Access (range 9) 23125 | -2/Protoforge | Initialized slip node 23182 | -2/Protoforge | Found Prototype Device 23183 | -2/Protoforge | Identified Crosscalibrator 23188 | -2/Protoforge | Spotted Immortal 23188 | -2/Protoforge | Spotted Immortal 23189 | -2/Protoforge | Spotted Decapitator 23189 | -2/Protoforge | Spotted Decapitator 23189 | -2/Protoforge | Spotted Decapitator 23189 | -2/Protoforge | Spotted Decapitator 23204 | -2/Protoforge | Destroyed Immortal 23210 | -2/Protoforge | Destroyed Immortal 23214 | -2/Protoforge | Found Cep. Network Penetrator 23380 | -2/Protoforge | Destroyed Decapitator 23390 | -2/Protoforge | Destroyed Decapitator 23402 | -2/Protoforge | Destroyed Decapitator 23406 | -2/Protoforge | Destroyed Decapitator 23452 | -2/Protoforge | First assault squad dispatched 23477 | -2/Protoforge | Found Prototype Power Core 23477 | -2/Protoforge | Identified Cep. Zero-point Core 23506 | -2/Protoforge | Found Cep. Rapid Grenade Launcher 23515 | -2/Protoforge | Spotted V017-m 23517 | -2/Protoforge | Spotted V467-f 23518 | -2/Protoforge | Spotted V839-b 23519 | -2/Protoforge | Spotted V674-x 23521 | -2/Protoforge | Warped through subspace to slip node 23526 | -2/Protoforge | Found Cep. Rapid Grenade Launcher 23538 | -2/Protoforge | Destroyed 9 combat bots 23579 | -2/Protoforge | Spotted Hotshot 23617 | -2/Protoforge | Destroyed Hotshot 23619 | -2/Protoforge | Spotted Hotshot 23623 | -2/Protoforge | Spotted Hotshot 23644 | -2/Protoforge | Destroyed Hotshot 23657 | -2/Protoforge | Spotted Hotshot 23660 | -2/Protoforge | Spotted Hotshot 23709 | -2/Protoforge | Found Exp. Jetlance 23732 | -2/Protoforge | Spotted Decapitator 23732 | -2/Protoforge | Spotted Decapitator 23735 | -2/Protoforge | Destroyed Decapitator 23738 | -2/Protoforge | Destroyed Decapitator 23754 | -2/Protoforge | Found Cep. Weapon Articulator 23756 | -2/Protoforge | Found Cep. Melee Reflex Suite 23789 | -2/Protoforge | Spotted Immortal 23789 | -2/Protoforge | Spotted Immortal 23790 | -2/Protoforge | Spotted V344-j 23794 | -2/Protoforge | Spotted V193-g 23801 | -2/Protoforge | Destroyed V193-g 23831 | -2/Protoforge | Destroyed Immortal 23838 | -2/Protoforge | Destroyed Immortal 23858 | -2/Protoforge | Found Cep. Gyrokinetic System 23861 | -2/Protoforge | Found Cep. Gyrokinetic System 23873 | -2/Protoforge | Spotted V284-p 23922 | -2/Protoforge | Spotted V029-s 23979 | -2/Protoforge | Destroyed V029-s 24011 | -2/Protoforge | Destroyed 16 combat bots 24012 | -2/Protoforge | Spotted Decapitator 24013 | -2/Protoforge | Spotted Decapitator 24013 | -2/Protoforge | Spotted Decapitator 24013 | -2/Protoforge | Spotted V954-d 24013 | -2/Protoforge | Spotted V290-e 24026 | -2/Protoforge | Found Prototype Storage 24026 | -2/Protoforge | Identified Cep. Chromion Battery 24041 | -2/Protoforge | Found Prototype Storage 24041 | -2/Protoforge | Identified Cep. Antigrav Storage Unit 24045 | -2/Protoforge | Found Cep. Chromion Battery 24047 | -2/Protoforge | Found Cep. NT7 Matterbank 24180 | -2/Protoforge | Destroyed Decapitator 24189 | -2/Protoforge | Destroyed Decapitator 24190 | -2/Protoforge | Found Exp. Terror Saw 24192 | -2/Protoforge | Found Exp. Terror Saw 24210 | -2/Protoforge | Destroyed 7 combat bots 24217 | -2/Protoforge | Found Prototype Ballistic Cannon 24217 | -2/Protoforge | Identified Cep. Helical Railcannon 24219 | -2/Protoforge | Found Prototype Ballistic Cannon 24219 | -2/Protoforge | Identified Cep. Heavy Railcannon 24223 | -2/Protoforge | Found Cep. Heavy Railcannon 24224 | -2/Protoforge | Found Cep. Miniperforator 24226 | -2/Protoforge | Found Faulty Cep. Miniperforator 24233 | -2/Protoforge | Found Faulty Cep. Helical Railcannon 24234 | -2/Protoforge | Found Faulty Cep. Helical Railcannon 24237 | -2/Protoforge | Spotted V956-x 24237 | -2/Protoforge | Spotted V968-x 24238 | -2/Protoforge | Spotted V821-u 24243 | -2/Protoforge | Spotted V755-g 24244 | -2/Protoforge | Found Cep. Plasma Driver 24278 | -2/Protoforge | Destroyed V968-x 24286 | -2/Protoforge | Destroyed V821-u 24288 | -2/Protoforge | Lost 3 parts (1p1n1u) 24289 | -2/Protoforge | Found Femtoactuators 24291 | -2/Protoforge | Found Imp. Powered Armor 24307 | -2/Protoforge | Destroyed 8 combat bots 24342 | -2/Protoforge | Lost 5 parts (1p2n1u1w) 24356 | -2/Protoforge | Core integrity fell below 50% 24365 | -2/Protoforge | System corruption reached 30% 24380 | -2/Protoforge | Found Cep. Core Shell 24383 | -2/Protoforge | Found Cep. Beam Splitter 24385 | -2/Protoforge | Found Prototype Device 24385 | -2/Protoforge | Identified Exp. Remote Shield 24391 | -2/Protoforge | Found Prototype Protection 24391 | -2/Protoforge | Identified Cep. RG22 Armor 24400 | -2/Protoforge | Found Faulty Cep. RG22 Armor 24401 | -2/Protoforge | Found Exp. EM Disruption Field 24408 | -2/Protoforge | Found Cep. Energy Mantle 24424 | -2/Protoforge | Additional patrols dispatched to research labs 24426 | -2/Protoforge | Found Alien Artifact 24426 | -2/Protoforge | Identified Cep. Nanofilaments [Polyglass] 24426 | -2/Protoforge | Installed Cep. Nanofilaments [Polyglass], 3 resistances modified: KI -10%, TH +20%, EX -50% 24433 | -2/Protoforge | Found Cep. Navigation Harness 24437 | -2/Protoforge | Found Transdimensional Reconstructor 24437 | -2/Protoforge | Warped through subspace to slip node 24460 | -2/Protoforge | Entered Access 24460 | -1/Access | Evolved 2 slots: Propulsion x1, Weapon x1 24461 | -1/Access | Lost 6 parts (1p1n3u1w) 24515 | -1/Access | Identified exit to Command 24572 | -1/Access | Found Exp. Core Analyzer 24582 | -1/Access | Garrison activated, responded to threat 24661 | -1/Access | Destroyed 7 combat bots 24710 | -1/Access | First assault squad dispatched 24796 | -1/Access | Destroyed 8 combat bots 24828 | -1/Access | Spotted B-99 Colossus 24839 | -1/Access | Lost 9 parts (2p5n1u1w) 24864 | -1/Access | Entered Command 24869 | -1/Command | Build established: Hacker-Gladiator 24985 | -1/Command | Disengaged cave seal 24994 | -1/Command | Welcomed Warlord to Command 25344 | -1/Command | Spotted M Guard 25344 | -1/Command | Spotted M Guard 25344 | -1/Command | Spotted Combat Programmer 25345 | -1/Command | Spotted Combat Programmer 25358 | -1/Command | System corruption reached 10% 25388 | -1/Command | Destroyed Combat Programmer 25392 | -1/Command | Core integrity fell below 50% 25398 | -1/Command | Warlord commented on Warlord statues 25435 | -1/Command | Destroyed Combat Programmer 25486 | -1/Command | All MAIN.C guards destroyed 25511 | -1/Command | Lost 19 parts (4p5n7u3w) 25715 | -1/Command | Build established: Mutant 25763 | -1/Command | System corruption reached 30% 25999 | -1/Command | Found Prototype Energy Cannon 25999 | -1/Command | Identified Cld. Nova Cannon 26141 | -1/Command | Core integrity fell below 20% 26190 | -1/Command | Lost 12 parts (2p8n1u1w) 26280 | -1/Command | Warlord destroyed during the assault 26280 | -1/Command | Murdered Warlord 26310 | -1/Command | Spotted Alpha 7 26310 | -1/Command | Spotted B-99 Colossus 26310 | -1/Command | Spotted Executioner 26310 | -1/Command | Spotted Executioner 26310 | -1/Command | Spotted B-99 Colossus 26310 | -1/Command | Spotted Executioner 26310 | -1/Command | Spotted Executioner 26310 | -1/Command | Spotted Alpha 7 26315 | -1/Command | Destroyed by B-99 Colossus with Multirail Last Messages --------------- 26311_ Penetrated by Slug. 26311_ Slug penetrates Executioner. 26311_ Knocked back. 26311_ Slug penetrates Executioner. 26311_ Penetrated by Slug. 26311_ Critical hit (Destroy). 26311_ Biometal Heavy Treads destroyed. 26311_ Slug penetrates Alpha 7. 26311_ Penetrated by Slug. 26313_ Slug penetrates Wall. 26313_ Penetrated by Slug. 26313_ Slug penetrates Wall. 26313_ Penetrated by Slug. 26315_ Slug penetrates Quantum Router. 26315_ Triggered Stasis Trap. 26315_ A bubble of rippling energy engulfs the area. 26315_ Field strength at 94. 26315_ Imp. Heavy Siege Treads destroyed. 26315_ Knocked back. 26315_ Penetrated by Slug. Map ----- +----------------------------------------------------+ | ??????????????????????????????????????# """" | | ??????????????????????????????????????# """" | | ??????????????????????????????????????# | | ??????????????????????????????????????# | | ??????????????????????????????????????# | | ??????????????????????????????????????####### | | ????????????????????????????????????????????# | | ????????????????????????????????????????????# | | ????????????????????????????????????????????# #### | | ??????????????????????????????????????####### #??# | | ????????????????????? ?????? ????????# #??# | | ????????????????????? """""" ???????# #??# | | ????????????????????? ???????# #### | | ????????????????????? BB BB????????# # | | ??????????????????????BB BB????????####### # | | ??????????????????????; #??????????????# # | | ?????????????????????? ^ ??????????????# # | | ??????????????????????# ##?????????????# # | | ?????????????????????? E ????########### # | | ?????????????????????## ##???# + # | | ?????????????????????? E #???# # # | | ?????????????????????## E ##???# """"" # # | | ?????????????????????# E % #???# ""Y"" + # | | ??????????????????????# ;#???# ]]* #### # | | ??????????????????????# !^ ^7#????# ! #??# # | | ??????????????????????##7@//##????# [ #??# # | | ??????????#########????#%% #?????# #??# # | | ??????????# #????#% %#######+#+########## # | | ??????????# #????# % %% # | | ??????????# #????# ##### # | | ??????????# #????# #???# # | | ??????????# #?##?# #####+# | | ??????????# "## ## # ! | | ??????????# # | | ??????????# + # !! | | ??????????# # " " # !! | | ??????????# + %= "" " " # ! | | ??????????# ] ###### """ " # | | ??????????# ## # "" " # | | ??????????# #???# == % # | | ??????????# #???## =%= + | | ??????????# #????# %* # | | ??????????# #????# ############### % | | ??????????# #????# #??# "" ! | | ??????????#"#######????# #??# "" | | ###???????###??????????# % #??# R" | | # ##???????????????????# = #??# """ | | # #####???????????????# ???# | | # #???????????????# # ???# | | # ##############?## # ???####+## | +----------------------------------------------------+ Best States ------------- Heat Dissipation 207 Energy Generation 81 Energy Capacity 940 Matter Stores 1050 Matter Capacity 1050 Sight Range 23 Robot Scan Range 20 Terrain Scan Range 16 Terrain Scan Density 10 Jamming Range 16 Cloak Strength 3 Additional Mass Support 12 Armor Coverage 600 Resistance: TH 95 Core Shielding 90 Power Shielding 66 Propulsion Shielding 90 Utility Shielding 90 Weapon Shielding 90 Point Defense Rating 160 Weapon Cycling 25 Melee Speed Boost 50 Evasion (%) 74 Targeting Accuracy 30 Melee Accuracy 16 Launcher Accuracy 60 Core Analysis 11 Recoil Reduction 5 Offensive Hacking 50 Authchip Count 1 Item Schematics ----------------- Imp. Powered Armor | -7/Factory | Scanalyzed Graphene Brace | -7/Factory | Scanalyzed Hcp. Storage Unit | -7/Factory | Scanalyzed Plasma Sword | -7/Factory | Scanalyzed Combat Drone Bay | -7/Data Miner | Free Lgt. Regenerative Plating | -7/Data Miner | Free Cld. Cesium-ion Thruster | -7/Data Miner | Free Exp. Targeting Computer | -7/Data Miner | Free Force Rifle | -7/Data Miner | Free Adv. Cooling System | -7/Data Miner | Free Linear Gravjet | -7/Data Miner | Free Adv. Plasma Cannon | -7/Data Miner | Free Angular Momentum Engine | -7/Data Miner | Free Imp. Arc Projector | -7/Data Miner | Free Tesla Rifle | -7/Data Miner | Free Imp. Antigrav System | -7/Data Miner | Free Centrium Medium Armor Plating | -5/Factory | Scanalyzed Adv. Transmission Jammer | -5/Factory | Hacked Adv. Actuator Array | -5/Factory | Scanalyzed Assault Drone Bay | -5/Zhirov | Free Exp. Heat Sink | -5/Zhirov | Free Exp. Optical Array | -5/Zhirov | Free Imp. Arc Thrower | -5/Zhirov | Free Gravity Neutralizer | -3/Research | Scanalyzed Exp. Propulsion Shielding | -3/Quarantine | Archive Exp. Coolant Injector | -3/Quarantine | Archive Exp. Thermal Defense Suite | -3/Quarantine | Archive Adv. EM Shield | -3/Quarantine | Archive Imp. KE Penetrator | -3/Quarantine | Archive Centrium Light Armor Plating | -3/Quarantine | Archive Cld. Proton Cannon | -3/Quarantine | Archive Electron Diverter | -3/Quarantine | Archive Adv. Energy Well | -3/Quarantine | Archive Centrium Heavy Armor Plating | -3/Quarantine | Archive Adv. Myomer Leg | -3/Quarantine | Archive Tiamat Missile Launcher | -3/Quarantine | Archive Hvy. Dispersion Rifle | -3/Quarantine | Archive Prc. Phase Gun | -3/Quarantine | Archive Enh. Biometal Leg | -2/Testing | Archive Neutron Missile Launcher | -2/Testing | Archive Gravity Flail | -2/Testing | Archive Hvy. Gatling Laser | -2/Protoforge | Archive Cld. Impulse Thruster | -2/Protoforge | Archive Point Singularity Launcher | -2/Protoforge | Archive Adv. Kinecellerator | -2/Protoforge | Archive Exp. Armor Integrity Analyzer | -2/Protoforge | Archive Exp. Power Amplifier | -2/Protoforge | Archive Hvy. Neutron Cannon | -2/Protoforge | Archive Imp. Energy Well | -2/Protoforge | Archive Robot Schematics ------------------ M-14 Sweeper | -7/Data Miner | Free S-27 Virus | -7/Data Miner | Free B-48 Gladiator | -7/Data Miner | Free O-24 Administrator | -7/Data Miner | Free X-67 Chaingunner | -7/Data Miner | Free X-62 Marksman | -7/Data Miner | Free B-60 Warrior | -7/Data Miner | Free M-30 Cleanser | -3/Quarantine | Archive B-74 Champion | -3/Quarantine | Archive T-07 Excavator | -3/Quarantine | Archive A-27 Freighter | -3/Quarantine | Archive K-01 Serf | -3/Quarantine | Archive S-43 Plague | -3/Quarantine | Archive L-61 Swordsman | -2/Testing | Archive E-15 Imp | -2/Protoforge | Archive G-73 Enforcer | -2/Protoforge | Archive Fabricated ------------ Cld. Cesium-ion Thruster | x1 | -5/Factory | Authchip Plasma Sword | x1 | -5/Factory | Authchip Cld. Cesium-ion Thruster | x1 | -5/Factory | Authchip Lgt. Quantum Reactor | x2 | -4/Factory | Preloaded Gravity Neutralizer | x1 | -3/Research Repaired ---------- Lgt. Treads | 36% | -10/Materials Lgt. Treads | 40% | -10/Materials Lgt. Treads | 38% | -10/Materials Fission Core | 13% | -8/Materials Imp. Powered Armor | 50% | -7/Factory Plasma Sword | 9% | -5/Factory | Broken Imp. Cesium-ion Thruster | 33% | -5/Factory Plasma Sword | 52% | -5/Factory Imp. Cesium-ion Thruster | 10% | -4/Factory | Broken Plasma Sword | 13% | -4/Factory Cmb. Linear Gravjet | 39% | -4/Factory Antigrav Array | 43% | -4/Factory | Broken Alien Tech Used ----------------- Integrated Dissipator Core Expander Sigix Broadsword Dimensional Node Initializer High-powered Transdimensional Reconstructor Transdimensional Reconstructor Concept Nanofilaments [Polyglass] Achievements -------------- None Challenges ------------ None Game ------ Seed MolecularAuthchipDetector Manual? 0 Play Time 07:24:10 Cumulative 702.9 hours Start 2025.05.11 @ 14:22:20 End 2025.05.11 @ 22:39:08 Sessions 1 Manual Loads 0 Difficulty Rogue Special Mode None Game No. 233 Rogue 231 Adventurer 2 Explorer 0 Win Type - Total 38 Types 13/4/11/1/1/0/7/1/0/0 Lore% 94 Gallery% 91 Achievement% 82 Wizard Run 0 Options --------- Layout 0 ASCII 0 Keyboard 1 Movement Numpad Keybinds 0 Fullscreen 1 Font 24/Smallcaps Map View 76x50 Zoom Use 0% Tactical HUD 1 Map Filters NONE Filters NONE Steam 1 RUN: d5bdc951-c14c-40a6-988b-d2bf22887866